Workbook
Name Constr: '24965'!#REF!
Name Constr: '24971'!$A$7
Name Constr: '25002'!$A$7
Name Constr: '25003'!$A$7
Name Constr: '25004'!$A$1
Name Constr: '25031'!$A$7
Name Constr: '25032'!$A$7
Name FOT: '24965'!$D$15
Name FOT: '24971'!$D$13
Name FOT: '25002'!$D$17
Name FOT: '25003'!$D$15
Name FOT: '25004'!$D$16
Name FOT: '25031'!$D$16
Name FOT: '25032'!$D$17
Name Ind: '24965'!#REF!
Name Ind: '24971'!$H$9
Name Ind: '25002'!#REF!
Name Ind: '25003'!$H$9
Name Ind: '25004'!$G$9
Name Ind: '25031'!$H$9
Name Ind: '25032'!$H$9
Name Obj: '24965'!$E$7
Name Obj: '24971'!#REF!
Name Obj: '25002'!$E$9
Name Obj: '25003'!#REF!
Name Obj: '25004'!#REF!
Name Obj: '25031'!#REF!
Name Obj: '25032'!#REF!
Name Obosn: '24965'!$D$11
Name Obosn: '24971'!$D$11
Name Obosn: '25002'!$D$12
Name Obosn: '25003'!$D$13
Name Obosn: '25004'!$D$11
Name Obosn: '25031'!$D$12
Name Obosn: '25032'!$D$13
Name SmPr: '24965'!$D$12
Name SmPr: '24971'!$D$12
Name SmPr: '25002'!$D$13
Name SmPr: '25003'!$D$14
Name SmPr: '25004'!$D$12
Name SmPr: '25031'!$D$13
Name SmPr: '25032'!$D$14
Name аааааппппппрррппппппп: #REF!
Name аааааппппппрррппппппп: #REF!
Name аараооооооооооооо: #REF!
Name аараооооооооооооо: #REF!
Name автом: #REF!
Name автом: #REF!
Name алшрльоплварл: #REF!
Name алшрльоплварл: #REF!
Name аолвлддддддддддддддддввввввввв: #REF!
Name аолвлддддддддддддддддввввввввв: #REF!
Name апарв: #REF!
Name апарв: #REF!
Name апрлдджаоырыфрпопрлпрлпрлп: #REF!
Name апрлдджаоырыфрпопрлпрлпрлп: #REF!
Name арлггаджаш: #REF!
Name арлггаджаш: #REF!
Name ароррбллтблпроорапииас: #REF!
Name ароррбллтблпроорапииас: #REF!

Sheet 24965
A1: СОГЛАСОВАНО: | E1: ФГУП "Комбинат "Электрохимприбор" | M1: УТВЕРЖДАЮ:
G2: (наименование стройки) | M2: Зам. генерального директора
A3: _____________________________ | M3: Е.В.Гордеев
A4: " _____ " ________________ 2013г. | G4: ЛОКАЛЬНЫЙ СМЕТНЫЙ РАСЧЕТ № 24965
G5: (локальная смета) | M5: "______ " __________2013 г.
C7: на | D7: Реконструкцию помещений для отдела 042. Город Лесной ул.Островского, 2
E8: Отопление и вентиляция.
H9: (наименование работ и затрат, наименование объекта)
D11: Основание: Проект № 24668-13-ОВ | N11: Справочно, в тыс.руб. :
D12: Сметная стоимость _______________________________________________________________________________________________ | J12: ___________________________34,441 | L12: тыс. руб. | N12: с К=5,56 | P12: =ROUND(34.441*5.56,3) -> 191.492
D13: строительных работ _______________________________________________________________________________________________ | J13: _______________________________________________________________________________________________33,654 | L13: тыс. руб. | N13: с К=5,56 | P13: =ROUND(33.654*5.56,3) -> 187.116
D14: монтажных работ _______________________________________________________________________________________________ | J14: _______________________________________________________________________________________________0,787 | L14: тыс. руб. | N14: с К=5,56 | P14: =ROUND(0.787*5.56,3) -> 4.376
D15: Средства на оплату труда _______________________________________________________________________________________________ | J15: ___________________________3,710 | L15: тыс. руб. | N15: с К=5,56 | P15: =ROUND(3.71*5.56,3) -> 20.628
D16: Сметная трудоемкость _______________________________________________________________________________________________ | J16: _______________________________________________________________________________________________292,68 | L16: чел.час
D17: Материалы ___________________________________________________________ | J17: =J79/1000 -> 24.416 | L17: тыс.руб. | N17: с К=5,56 | P17: =ROUND(24.416*5.56,3) -> 135.753
D18: Составлен(а) в базовых ценах 2001г. в редакции 2009г.
A20: № пп | B20: Обоснование | C20: Наименование | D20: Ед. изм. | E20: Кол. | F20: Стоимость единицы, руб. | J20: Общая стоимость, руб. | N20: Т/з осн. раб.на ед. | O20: Т/з осн. раб. Всего | P20: Т/з мех. на ед. | Q20: Т/з мех. Всего
F21: Всего | G21: В том числе | J21: Всего | K21: В том числе
G22: Осн.З/п | H22: Эк.Маш | I22: З/пМех | K22: Осн.З/п | L22: Эк.Маш | M22: З/пМех
A23: 1 | B23: 2 | C23: 3 | D23: 4 | E23: 5 | F23: 6 | G23: 7 | H23: 8 | I23: 9 | J23: 10 | K23: 11 | L23: 12 | M23: 13 | N23: 14 | O23: 15 | P23: 16 | Q23: 17
A24: Раздел 1. Разборка.
A25: 1 | B25: ТЕРр65-19-1 | C25: Демонтаж радиаторов весом до 80 кг | D25: 100 шт. | E25: 1.24 | F25: 1310.17 | G25: 1219.9 | H25: 90.27 | I25: 34.99 | J25: 1625 | K25: 1513 | L25: 112 | M25: 43 | N25: 110 | O25: 136.4 | P25: 2.24 | Q25: 2.78
A26: 2 | B26: ТЕРр65-19-5 | C26: Демонтаж конвекторов | D26: 100 экм | E26: 0.572 | F26: 211.01 | G26: 202.95 | H26: 8.06 | I26: 3.12 | J26: 121 | K26: 116 | L26: 5 | M26: 2 | N26: 18.3 | O26: 10.47 | P26: 0.2 | Q26: 0.11
A27: Раздел 2. Отопление.
A28: 3 | B28: ТЕР16-02-001-02 | C28: Прокладка трубопроводов отопления из стальных водогазопроводных неоцинкованных труб диаметром 20 мм | D28: 100 м | E28: 0.2 | F28: 4340.3 | G28: 446.74 | H28: 69.04 | I28: 2.73 | J28: 868 | K28: 89 | L28: 14 | M28: 1 | N28: 32.97 | O28: 6.59 | P28: 0.15 | Q28: 0.03
A29: 4 | B29: ТСЦ-301-1224 | C29: Крепления для трубопроводов: кронштейны, планки, хомуты | D29: кг | E29: 4 | F29: 17.02 | J29: 68
A30: 5 | B30: ТЕР18-03-001-02 | C30: Установка радиаторов стальных | D30: 100 кВт | E30: 0.546 | F30: 2426.28 | G30: 828.53 | H30: 270.15 | I30: 20.22 | J30: 1325 | K30: 452 | L30: 148 | M30: 11 | N30: 65.6 | O30: 35.82 | P30: 1.28 | Q30: 0.7
A31: Уд | B31: 1. 301-0559 | C31: Радиаторы стальные панельные РСВ2-1, РСВ2-6 однорядные | D31: кВт | E31: 100 54,6 | F31: 179.38 | J31: 9794.15
A32: 6 | B32: Цена поставщика. | C32: Радиатор "Термал 500" (Цена: 228,00:1,18:5,56*1,02=35,45) | D32: секций | E32: 332 | F32: 35.45 | J32: 11769
A33: 7 | B33: ТСЦ-101-2201 | C33: Дюбели распорные полиэтиленовые | D33: 10 шт. | E33: 4.859 | F33: 1.73 | J33: 8
A34: 8 | B34: ТЕРм11-02-001-01 | C34: Прибор, устанавливаемый на резьбовых соединениях, масса до 1,5 кг | D34: 1 шт. | E34: 21 | F34: 15.88 | G34: 14.39 | J34: 333 | K34: 302 | N34: 1.03 | O34: 21.63
A35: 9 | B35: Цена поставщика. | C35: Терморегулятор RTD-G (Цена:1819,00:1,18:5,56*1,02=282,80) | D35: шт | E35: 21 | F35: 282.8 | J35: 5939
A36: 10 | B36: Цена поставщика. | C36: Гайка глухая 3/4 (Цена:190,40:1,18:5,56*1,02=29,60) | D36: шт | E36: 24 | F36: 29.6 | J36: 710
A37: 11 | B37: ТЕР16-05-001-01 прим. | C37: Установка клапанов диаметром до 25 мм | D37: 1 шт. | E37: 24 | F37: 84.1 | G37: 18.79 | H37: 4.23 | J37: 2018 | K37: 451 | L37: 102 | N37: 1.47 | O37: 35.28
A38: 12 | B38: ТСЦ-301-1487 прим. | C38: Клапаны размером 3/4" | D38: шт. | E38: 24 | F38: 64.44 | J38: 1547
A39: 13 | B39: ТСЦ-302-1237 | C39: Сгоны стальные с муфтой и контргайкой, диаметром 20 мм | D39: шт. | E39: 24 | F39: 14.64 | J39: 351
A40: 14 | B40: ТЕР16-07-005-01 | C40: Гидравлическое испытание трубопроводов систем отопления, водопровода и горячего водоснабжения диаметром до 50 мм | D40: 100 м | E40: 0.2 | F40: 104.4 | G40: 82.16 | H40: 15.29 | J40: 21 | K40: 16 | L40: 3 | N40: 5.01 | O40: 1
A41: 15 | B41: ТЕР13-03-002-04 | C41: Огрунтовка металлических поверхностей за один раз грунтовкой ГФ-021 | D41: 100 м2 | E41: 0.026 | F41: 417.46 | G41: 79.65 | H41: 10.15 | I41: 0.16 | J41: 11 | K41: 2 | N41: 5.31 | O41: 0.14 | P41: 0.01
A42: 16 | B42: ТЕР15-04-030-04 | C42: Масляная окраска металлических труб диаметром менее 50 мм и т.п., количество окрасок 2 | D42: 100 м2 | E42: 0.026 | F42: 1384.09 | G42: 886.83 | H42: 3.68 | I42: 0.16 | J42: 36 | K42: 23 | N42: 71.06 | O42: 1.85 | P42: 0.01
A43: 17 | B43: ТЕРр62-32-2 | C43: Окраска масляными составами ранее окрашенных поверхностей труб стальных за 2 раза | D43: 100 м2 | E43: 0.241 | F43: 1496.17 | G43: 918.84 | H43: 1.09 | J43: 361 | K43: 221 | N43: 80.6 | O43: 19.42
A44: Раздел 3. Вентиляция.
A45: 18 | B45: ТЕР20-01-005-02 | C45: Прокладка воздуховодов из листовой стали толщиной 2 мм, диаметром до 250 мм | D45: 100 м2 | E45: 0.011 | F45: 8108.18 | G45: 3802.99 | H45: 2446.66 | I45: 270.21 | J45: 89 | K45: 42 | L45: 27 | M45: 3 | N45: 276.38 | O45: 3.04 | P45: 19.81 | Q45: 0.22
A46: 19 | B46: ТСЦ-301-1809 прим. | C46: Воздуховоды из листовой оцинкованной стали толщиной 2,0 мм, диаметром до 250 мм | D46: м2 | E46: 1.1 | F46: 505.1 | J46: 556
A47: 20 | B47: ТСЦ-301-0475 | C47: Крепления для воздуховодов подвески СТД6208, СТД6209, СТД6210 | D47: т | E47: 0.001 | F47: 8739.36 | J47: 9
A48: 21 | B48: ТЕР20-02-012-01 | C48: Установка дефлекторов диаметром патрубка 280 мм | D48: 1 дефлектор | E48: 1 | F48: 42.8 | G48: 35.07 | H48: 2.98 | J48: 43 | K48: 35 | L48: 3 | N48: 2.92 | O48: 2.92
A49: 22 | B49: ТСЦ-301-0262 | C49: Дефлекторы вытяжные цилиндрические типа ЦАГИ № 3, диаметр патрубка 280 мм | D49: шт. | E49: 1 | F49: 274 | J49: 274
A50: 23 | B50: ТЕР20-02-003-10 | C50: Установка решеток жалюзийных стальных щелевых регулирующих (Р), номер 150, размер 150х150 мм | D50: 1 решетка | E50: 1 | F50: 21.9 | G50: 13.51 | H50: 1.86 | J50: 22 | K50: 14 | L50: 2 | N50: 1.07 | O50: 1.07
A51: 24 | B51: ТЕРр69-4-1 прим. | C51: Заделка отверстий в стенах и перегородках оштукатуренных | D51: 100 отверстий | E51: 0.01 | F51: 1343.1 | G51: 944.71 | H51: 2.02 | I51: 0.78 | J51: 13 | K51: 9 | N51: 78.66 | O51: 0.79 | P51: 0.05
A52: Итого прямые затраты по смете в ценах 2001г. | J52: 28117 | K52: 3285 | L52: 416 | M52: 60 | O52: 276.42 | Q52: 3.84
A53: Итого прямые затраты по смете с учетом коэффициентов к итогам | J53: 28565 | K53: 3643 | L53: 506 | M53: 67 | O53: 292.68 | Q53: 4.12
A54: В том числе, справочно:
A55: Районный к-т 4,3% (Поз. 1-3, 5-7, 9-14, 18-23, 16-17, 8) | J55: 144 | K55: 141 | L55: 3 | M55: 3
A56: При ремонте и реконструкции зданий и сооружений работы, аналогичные технологическим процессам в новом строительстве ОЗП=1,15; ЭМ=1,25; ЗПМ=1,25; ТЗ=1,15; ТЗМ=1,25 (Поз. 3, 5-7, 9-14, 18-23, 16) | J56: 251 | K56: 176 | L56: 75 | M56: 4 | O56: 13.1355 | Q56: 0.2375
A57: Испытание систем вентиляции. (п. 1.20.19 Тех.часть) ОЗП=1,05; ЭМ=1,05; ЗПМ=1,05; ТЗ=1,05; ТЗМ=1,05 (Поз. 18-23) | J57: 7 | K57: 5 | L57: 2 | O57: 0.404 | Q57: 0.014
A58: Испытание систем отопления. (п. 1.18.16 Тех.часть) ОЗП=1,03; ЭМ=1,03; ЗПМ=1,03; ТЗ=1,03; ТЗМ=1,03 (Поз. 3, 5-7, 9-14) | J58: 46 | K58: 36 | L58: 10 | O58: 2.7147 | Q58: 0.0273
A59: Накладные расходы | J59: 3532
A60: В том числе, справочно:
A61: 74% ФОТ (от 1746) (Поз. 1-2) | J61: 1292
A62: 78% ФОТ (от 9) (Поз. 24) | J62: 7
A63: 80% ФОТ (от 546) (Поз. 17, 8) | J63: 437
A64: 90% ФОТ (от 2) (Поз. 15) | J64: 2
A65: 105% ФОТ (от 28) (Поз. 16) | J65: 29
A66: 128% ФОТ (от 1379) (Поз. 3, 5-7, 9-14, 18-23) | J66: 1765
A67: Сметная прибыль | J67: 2344
A68: В том числе, справочно:
A69: 50% ФОТ (от 1986) (Поз. 1-2, 17, 24) | J69: 994
A70: 55% ФОТ (от 28) (Поз. 16) | J70: 15
A71: 60% ФОТ (от 315) (Поз. 8) | J71: 189
A72: 70% ФОТ (от 2) (Поз. 15) | J72: 1
A73: 83% ФОТ (от 1379) (Поз. 3, 5-7, 9-14, 18-23) | J73: 1145
A74: Итоги по смете:
A75: Итого Строительные работы | J75: 33654 | O75: 271.05 | Q75: 4.12
A76: Итого Монтажные работы | J76: 787 | O76: 21.63
A77: Итого | J77: 34441 | O77: 292.68 | Q77: 4.12
A78: В том числе:
A79: Материалы | J79: 24416
A80: Машины и механизмы | J80: =506-M53 -> 439
A81: ФОТ | J81: 3710
A82: Накладные расходы | J82: 3532
A83: Сметная прибыль | J83: 2344
A84: ВСЕГО по смете | J84: 34441 | O84: 292.68 | Q84: 4.12
B86: Примечание: материал от разборки, пригодный для дальнейшего использования, передается балансодержателю по акту.

Sheet 24971
A1: СОГЛАСОВАНО: | E1: ФГУП "Комбинат "Электрохимприбор" | M1: УТВЕРЖДАЮ:
G2: (наименование стройки) | M2: Зам. генерального директора
A3: _____________________________ | M3: Е.В.Гордеев
A4: " _____ " ________________ 2013г. | G4: ЛОКАЛЬНЫЙ СМЕТНЫЙ РАСЧЕТ № 24971
G5: (локальная смета) | M5: "______ " __________2013 г.
C7: на | D7: Реконструкцию помещений для отдела 042. Город Лесной ул.Островского 2 (инв.№ 8811031)
E8: Раздел: Водопровод и канализация.
H9: (наименование работ и затрат, наименование объекта)
D11: Основание: Проект № 24669-13-ВК
D12: Сметная стоимость строительных работ _______________________________________________________________________________________________ | J12: ___________________________6,222 | L12: тыс. руб.
D13: Средства на оплату труда _______________________________________________________________________________________________ | J13: ___________________________0,913 | L13: тыс. руб.
D14: Сметная трудоемкость _______________________________________________________________________________________________ | J14: _______________________________________________________________________________________________66,1 | L14: чел.час
D15: Материалы ___________________________________________________________ | J15: =J74/1000 -> 3.411 | L15: тыс.руб.
D16: Составлен(а) в базовых ценах 2001г. в редакции 2009г.
A19: № пп | B19: Обоснование | C19: Наименование | D19: Ед. изм. | E19: Кол. | F19: Стоимость единицы, руб. | J19: Общая стоимость, руб. | N19: Т/з осн. раб.на ед. | O19: Т/з осн. раб. Всего | P19: Т/з мех. на ед. | Q19: Т/з мех. Всего
F20: Всего | G20: В том числе | J20: Всего | K20: В том числе
G21: Осн.З/п | H21: Эк.Маш | I21: З/пМех | K21: Осн.З/п | L21: Эк.Маш | M21: З/пМех
A22: 1 | B22: 2 | C22: 3 | D22: 4 | E22: 5 | F22: 6 | G22: 7 | H22: 8 | I22: 9 | J22: 10 | K22: 11 | L22: 12 | M22: 13 | N22: 14 | O22: 15 | P22: 16 | Q22: 17
A23: Раздел 1. Разборка.
A24: 1 | B24: ТЕРр65-1-1 | C24: Разборка трубопроводов из водогазопроводных труб диаметром до 32 мм | D24: 100 м | E24: 0.06 | F24: 483.12 | G24: 405.87 | H24: 8.12 | I24: 1.56 | J24: 29 | K24: 24 | N24: 34.66 | O24: 2.08 | P24: 0.1 | Q24: 0.01
A25: 2 | B25: ТЕРр65-2-1 | C25: Разборка трубопроводов из чугунных канализационных труб диаметром 50 мм | D25: 100 м | E25: 0.03 | F25: 825.86 | G25: 819.41 | H25: 6.45 | I25: 2.5 | J25: 25 | K25: 25 | N25: 68.8 | O25: 2.06 | P25: 0.16
A26: 3 | B26: ТЕРр65-4-1 | C26: Демонтаж умывальников и раковин | D26: 100 приборов | E26: 0.01 | F26: 626.59 | G26: 616.11 | H26: 10.48 | I26: 4.06 | J26: 6 | K26: 6 | N26: 51.3 | O26: 0.51 | P26: 0.26
A27: Раздел 2. Водопровод.
A28: 4 | B28: ТЕР16-03-002-01 | C28: Прокладка трубопроводов водоснабжения из многослойных металл-полимерных труб диаметром 15 мм | D28: 100 м | E28: 0.12 | F28: 6136.29 | G28: 1541.12 | H28: 66.7 | I28: 1.27 | J28: 736 | K28: 185 | L28: 8 | N28: 112 | O28: 13.44 | P28: 0.07 | Q28: 0.01
A29: 5 | B29: ТСЦ-301-1224 | C29: Крепления для трубопроводов: кронштейны, планки, хомуты | D29: кг | E29: 2.4 | F29: 17.02 | J29: 41
A30: 6 | B30: ТСЦ-507-2617 прим. | C30: Соединительная муфта диаметром до 20 мм | D30: 10 шт. | E30: 0.4 | F30: 9 | J30: 4
A31: 7 | B31: ФССЦ-507-4169 | C31: Уголок соединительный 90° для металлополимерных труб, диаметром 16 мм КОЭФ. К ПОЗИЦИИ: Проведение расценок ФЕР к территориальному уровню (Письмо УРЦЦС Ц-297 от 12.04.2011) ОЗП=1,41; ЭМ=1,242; ЗПМ=1,41; МАТ=1,052 | D31: шт. | E31: 4 | F31: 36.59 | J31: 146
A32: 8 | B32: ФССЦ-507-4165 | C32: Тройник равнопроходной для металлополимерных труб диаметром 16 мм КОЭФ. К ПОЗИЦИИ: Проведение расценок ФЕР к территориальному уровню (Письмо УРЦЦС Ц-297 от 12.04.2011) ОЗП=1,41; ЭМ=1,242; ЗПМ=1,41; МАТ=1,052 | D32: шт. | E32: 1 | F32: 38.85 | J32: 39
A33: 9 | B33: ТСЦ-302-1831 | C33: Кран шаровой муфтовый 11Б27П1, диаметром 15 мм | D33: шт. | E33: 5 | F33: 25.14 | J33: 126
A34: 10 | B34: ТЕРр65-6-10 прим. | C34: Установка гибких подводок | D34: 100 приборов | E34: 0.05 | F34: 4008.14 | G34: 669.67 | H34: 7.47 | I34: 0.78 | J34: 200 | K34: 33 | N34: 52.4 | O34: 2.62 | P34: 0.05
A35: 11 | B35: ТЕР16-07-005-01 | C35: Гидравлическое испытание трубопроводов систем отопления, водопровода и горячего водоснабжения диаметром до 50 мм | D35: 100 м | E35: 0.12 | F35: 104.4 | G35: 82.16 | H35: 15.29 | J35: 13 | K35: 10 | L35: 2 | N35: 5.01 | O35: 0.6
A36: 12 | B36: ТЕР16-07-003-02 | C36: Врезка в действующие внутренние сети трубопроводов отопления и водоснабжения диаметром 20 мм | D36: 1 врезка | E36: 2 | F36: 107.91 | G36: 62.31 | H36: 5.56 | J36: 216 | K36: 125 | L36: 11 | N36: 4.46 | O36: 8.92
A37: Раздел 3. Канализация.
A38: 13 | B38: ТЕР16-04-001-02 | C38: Прокладка трубопроводов канализации из полиэтиленовых труб высокой плотности диаметром 100 мм | D38: 100 м | E38: 0.007 | F38: 8610.79 | G38: 860.55 | H38: 36.81 | I38: 1.09 | J38: 60 | K38: 6 | N38: 61.6 | O38: 0.43 | P38: 0.06
A39: 14 | B39: ТСЦ-301-1098 | C39: Хомуты для крепления канализационных и водосточных пластмассовых трубопроводов, диаметром 100 мм | D39: т | E39: 0.0001 | F39: 36386 | J39: 4
A40: 15 | B40: ТЕР16-04-001-01 | C40: Прокладка трубопроводов канализации из полиэтиленовых труб высокой плотности диаметром 50 мм | D40: 100 м | E40: 0.045 | F40: 5197.98 | G40: 897.43 | H40: 15.84 | I40: 0.36 | J40: 234 | K40: 40 | L40: 1 | N40: 64.24 | O40: 2.89 | P40: 0.02
A41: 16 | B41: ТСЦ-301-1097 | C41: Хомуты для крепления канализационных и водосточных пластмассовых трубопроводов, диаметром 50 мм | D41: т | E41: 0.001 | F41: 29302 | J41: 29
A42: 17 | B42: ТЕР17-01-001-14 | C42: Установка умывальников одиночных с подводкой холодной и горячей воды | D42: 10 компл. | E42: 0.1 | F42: 407.19 | G42: 293.36 | H42: 29.83 | I42: 2.03 | J42: 41 | K42: 29 | L42: 3 | N42: 21.65 | O42: 2.17 | P42: 0.13 | Q42: 0.01
A43: 18 | B43: ТСЦ-301-0758 прим. | C43: Умывальник керамический с краном настольным, кронштейнами, сифоном бутылочным латунным и выпуском, овальные со скрытыми установочными поверхностями без спинки размером 450х500 | D43: компл. | E43: 1 | F43: 205.57 | J43: 206
A44: 19 | B44: ТСЦ-301-0628 | C44: Смесители для умывальников | D44: компл. | E44: 1 | F44: 111.4 | J44: 111
A45: 20 | B45: ТЕР17-01-003-01 | C45: Установка унитазов с бачком непосредственно присоединенным | D45: 10 компл. | E45: 0.1 | F45: 5639.05 | G45: 330.18 | H45: 56.04 | I45: 5 | J45: 564 | K45: 33 | L45: 6 | M45: 1 | N45: 24.64 | O45: 2.46 | P45: 0.32 | Q45: 0.03
A46: 21 | B46: ТЕР17-01-005-01 | C46: Установка моек на одно отделение | D46: 10 компл. | E46: 0.1 | F46: 357.98 | G46: 234.69 | H46: 21.09 | I46: 2.03 | J46: 36 | K46: 23 | L46: 2 | N46: 17.32 | O46: 1.73 | P46: 0.13 | Q46: 0.01
A47: Уд | B47: 1. 301-0494 | C47: Мойки стальные эмалированные на одно отделение с одной чашей с креплениями МСК размером 500х500х198 | D47: компл. | E47: 10 1 | F47: 210.39 | J47: 210.39
A48: 22 | B48: ТСЦ-301-0493 прим. | C48: Мойки из нержавеющей стали на одно отделение с одной круглой или прямоугольной чашей, с креплениями со смесителем с пластмассовым бутылочным сифоном, латунным выпуском | D48: компл. | E48: 1 | F48: 912.64 | J48: 913
A49: 23 | B49: ТСЦ-301-1527 | C49: Смесители для мойки настольный, с верхней камерой смешения | D49: шт. | E49: 1 | F49: 113.38 | J49: 113
A50: 24 | B50: ТЕР16-07-004-02 | C50: Врезка в действующие внутренние сети трубопроводов канализации диаметром 100 мм | D50: 1 врезка | E50: 1 | F50: 199.38 | G50: 107.37 | H50: 1.09 | J50: 199 | K50: 107 | L50: 1 | N50: 8.94 | O50: 8.94
A51: Итого прямые затраты по смете в ценах 2001г. | J51: 4091 | K51: 646 | L51: 34 | M51: 1 | O51: 48.85 | Q51: 0.07
A52: Итого прямые затраты по смете с учетом коэффициентов к итогам | J52: 4375 | K52: 912 | L52: 52 | M52: 1 | O52: 66.1 | Q52: 0.11
A53: В том числе, справочно:
A54: Районный к-т 4,3% (Поз. 1-9, 11-18, 20-22, 24, 10) | J54: 27 | K54: 28
A55: При ремонте и реконструкции зданий и сооружений работы, аналогичные технологическим процессам в новом строительстве ОЗП=1,15; ЭМ=1,25; ЗПМ=1,25; ТЗ=1,15; ТЗМ=1,25 (Поз. 4-9, 11-18, 20-22, 24) | J55: 96 | K55: 87 | L55: 8 | O55: 6.237 | Q55: 0.015
A56: Условия производства работ ОЗП=1,2; ЭМ=1,2; ЗПМ=1,2; ТЗ=1,2; ТЗМ=1,2 (Поз. 1-9, 11-18, 20-22, 24, 10) | J56: 161 | K56: 152 | L56: 9 | O56: 11.018 | Q56: 0.018
A57: Накладные расходы | J57: 1121
A58: В том числе, справочно:
A59: 74% ФОТ (от 68) (Поз. 1-3) | J59: 50
A60: 103% ФОТ (от 41) (Поз. 10) | J60: 42
A61: 128% ФОТ (от 804) (Поз. 4-9, 11-18, 20-22, 24) | J61: 1029
A62: Сметная прибыль | J62: 726
A63: В том числе, справочно:
A64: 50% ФОТ (от 68) (Поз. 1-3) | J64: 34
A65: 60% ФОТ (от 41) (Поз. 10) | J65: 25
A66: 83% ФОТ (от 804) (Поз. 4-9, 11-18, 20-22, 24) | J66: 667
A67: Итоги по смете:
A68: Внутренние санитарно-технические работы: демонтаж и разборка (ремонтно-строительные) | J68: 157 | O68: 5.58 | Q68: 0.01
A69: Сантехнические работы - внутренние (трубопроводы, водопровод, канализация, отопление, газоснабжение, вентиляция и кондиционирование воздуха) | J69: 5566 | O69: 57.38 | Q69: 0.1
A70: Внутренние санитарно-технические работы: смена труб, санитарно-технических приборов и другие работы (ремонтно-строительные) | J70: 275 | O70: 3.14
A71: Материалы для строительных работ | J71: 224
A72: Итого | J72: 6222 | O72: 66.1 | Q72: 0.11
A73: В том числе:
A74: Материалы | J74: 3411
A75: Машины и механизмы | J75: =52-M52 -> 51
A76: ФОТ | J76: 913
A77: Накладные расходы | J77: 1121
A78: Сметная прибыль | J78: 726
A79: ВСЕГО по смете | J79: 6222 | O79: 66.1 | Q79: 0.11
B81: Примечание: материал от разборки, пригодный для дальнейшего использования, передается балансодержателю по акту.

Sheet 25002
A1: СОГЛАСОВАНО: | E1: ФГУП "Комбинат "Электрохимприбор" | M1: УТВЕРЖДАЮ:
G2: (наименование стройки) | M2: Зам. генерального директора
M3: Е.В.Гордеев
A4: _________________ | M4: _________________
A5: " _____ " ________________ 2013 г. | M5: "______ " __________2013 г.
G6: ЛОКАЛЬНЫЙ СМЕТНЫЙ РАСЧЕТ № 25002
G7: (локальная смета)
C9: на | D9: Реконструкцию помещений для отдела 042. г.Лесной, ул.Островского, 2. Инв. № 8811031
H10: (наименование работ и затрат, наименование объекта)
D12: Основание: проект № 24685-13-ПС
D13: Сметная стоимость _______________________________________________________________________________________________ | J13: ___________________________58,231 | L13: тыс. руб.
D14: монтажных работ _______________________________________________________________________________________________ | J14: _______________________________________________________________________________________________45,893 | L14: тыс. руб.
D15: прочих (ПНР "в холостую") _______________________________________________________________________________________________ | J15: _______________________________________________________________________________________________6,405 | L15: тыс. руб.
D16: оборудования _______________________________________________________________________________________________ | J16: _______________________________________________________________________________________________5,933 | L16: тыс. руб.
D17: Средства на оплату труда _______________________________________________________________________________________________ | J17: ___________________________15,249 | L17: тыс. руб.
D18: Сметная трудоемкость _______________________________________________________________________________________________ | J18: _______________________________________________________________________________________________1017,12 | L18: чел.час
D19: Составлен(а) в базовых ценах 2001г. в редакции 2009г.
A21: № пп | B21: Обоснование | C21: Наименование | D21: Ед. изм. | E21: Кол. | F21: Стоимость единицы, руб. | J21: Общая стоимость, руб. | N21: Т/з осн. раб.на ед. | O21: Т/з осн. раб. Всего | P21: Т/з мех. на ед. | Q21: Т/з мех. Всего
F22: Всего | G22: В том числе | J22: Всего | K22: В том числе
G23: Осн.З/п | H23: Эк.Маш | I23: З/пМех | K23: Осн.З/п | L23: Эк.Маш | M23: З/пМех
A24: 1 | B24: 2 | C24: 3 | D24: 4 | E24: 5 | F24: 6 | G24: 7 | H24: 8 | I24: 9 | J24: 10 | K24: 11 | L24: 12 | M24: 13 | N24: 14 | O24: 15 | P24: 16 | Q24: 17
A25: Раздел 1. Демонтажные работы
A26: 1 | B26: ТЕРм10-08-001-13 | C26: Демонтаж: пульт контроля и управления КОЭФ. К ПОЗИЦИИ: Демонтаж оборудования, которое не подлежит дальнейшему использованию (предназначено в лом) без разборки и резки ОЗП=0,3; ЭМ=0,3 к расх.; ЗПМ=0,3; МАТ=0 к расх.; ТЗ=0,3; ТЗМ=0,3 | D26: 1 шт. | E26: 1 | F26: 17.37 | G26: 17.26 | H26: 0.11 | J26: 17 | K26: 17 | N26: 1.2 | O26: 1.2
A27: 2 | B27: ТЕРм10-06-037-05 | C27: Демонтаж: шкаф настенный для приборов КОЭФ. К ПОЗИЦИИ: Демонтаж оборудования, которое не подлежит дальнейшему использованию (предназначено в лом) без разборки и резки ОЗП=0,3; ЭМ=0,3 к расх.; ЗПМ=0,3; МАТ=0 к расх.; ТЗ=0,3; ТЗМ=0,3 | D27: 1 шт. | E27: 2 | F27: 8.62 | G27: 7.9 | H27: 0.72 | J27: 17 | K27: 16 | L27: 1 | N27: 0.62 | O27: 1.24
A28: 3 | B28: ТЕРм10-02-016-06 | C28: Демонтаж: блок питания КОЭФ. К ПОЗИЦИИ: Демонтаж оборудования, которое не подлежит дальнейшему использованию (предназначено в лом) без разборки и резки ОЗП=0,3; ЭМ=0,3 к расх.; ЗПМ=0,3; МАТ=0 к расх.; ТЗ=0,3; ТЗМ=0,3 | D28: 1 шт. | E28: 1 | F28: 57.48 | G28: 47.33 | H28: 10.15 | I28: 2.06 | J28: 57 | K28: 47 | L28: 10 | M28: 2 | N28: 3.03 | O28: 3.03 | P28: 0.13 | Q28: 0.13
A29: 4 | B29: ТЕРм10-08-002-02 | C29: Демонтаж: извещатель пожарный дымовой КОЭФ. К ПОЗИЦИИ: Демонтаж оборудования, которое не подлежит дальнейшему использованию (предназначено в лом) без разборки и резки ОЗП=0,3; ЭМ=0,3 к расх.; ЗПМ=0,3; МАТ=0 к расх.; ТЗ=0,3; ТЗМ=0,3 | D29: 1 шт. | E29: 32 | F29: 6.97 | G29: 6.83 | H29: 0.14 | J29: 223 | K29: 219 | L29: 4 | N29: 0.5 | O29: 16
A30: 5 | B30: ТЕРм10-04-066-05 | C30: Демонтаж: извещатель пожарный ручной КОЭФ. К ПОЗИЦИИ: Демонтаж оборудования, которое не подлежит дальнейшему использованию (предназначено в лом) без разборки и резки ОЗП=0,3; ЭМ=0,3 к расх.; ЗПМ=0,3; МАТ=0 к расх.; ТЗ=0,3; ТЗМ=0,3 | D30: 1 шт. | E30: 3 | F30: 3.83 | G30: 3.83 | J30: 11 | K30: 11 | N30: 0.3 | O30: 0.9
A31: 6 | B31: ТЕРм10-04-066-05 | C31: Демонтаж: оповещатель звуковой КОЭФ. К ПОЗИЦИИ: Демонтаж оборудования, которое не подлежит дальнейшему использованию (предназначено в лом) без разборки и резки ОЗП=0,3; ЭМ=0,3 к расх.; ЗПМ=0,3; МАТ=0 к расх.; ТЗ=0,3; ТЗМ=0,3 | D31: 1 шт. | E31: 10 | F31: 3.83 | G31: 3.83 | J31: 38 | K31: 38 | N31: 0.3 | O31: 3
A32: 7 | B32: ТЕРм10-04-066-06 | C32: Демонтаж: оповещатель световой КОЭФ. К ПОЗИЦИИ: Демонтаж оборудования, которое не подлежит дальнейшему использованию (предназначено в лом) без разборки и резки ОЗП=0,3; ЭМ=0,3 к расх.; ЗПМ=0,3; МАТ=0 к расх.; ТЗ=0,3; ТЗМ=0,3 | D32: 1 шт. | E32: 4 | F32: 22.46 | G32: 22.46 | J32: 90 | K32: 90 | N32: 1.8 | O32: 7.2
A33: 8 | B33: ТЕРм10-08-019-01 | C33: Демонтаж: коробка КОЭФ. К ПОЗИЦИИ: Демонтаж оборудования, которое не подлежит дальнейшему использованию (предназначено в лом) без разборки и резки ОЗП=0,3; ЭМ=0,3 к расх.; ЗПМ=0,3; МАТ=0 к расх.; ТЗ=0,3; ТЗМ=0,3 | D33: 1 шт. | E33: 15 | F33: 2.06 | G33: 2.06 | J33: 31 | K33: 31 | N33: 0.15 | O33: 2.25
A34: 9 | B34: ТЕРр67-3-1 | C34: Демонтаж кабеля | D34: 100 м | E34: 5.3 | F34: 106.34 | G34: 105.94 | H34: 0.4 | I34: 0.16 | J34: 564 | K34: 562 | L34: 2 | M34: 1 | N34: 9.64 | O34: 51.09 | P34: 0.01 | Q34: 0.05
A35: Раздел 2. Монтажные работы
A36: 10 | B36: Цена поставщика | C36: Пульт контроля и управления С2000-М (Ц:6504,30руб:1,18:4,19) | D36: 1 шт. | E36: 1 | J36: 1316
A37: 11 | B37: ТЕРм10-08-001-13 | C37: Монтаж: пульт контроля и управления С2000-М | D37: 1 шт. | E37: 1 | F37: 64.92 | G37: 57.52 | H37: 0.37 | J37: 65 | K37: 58 | N37: 4 | O37: 4
A38: 12 | B38: Цена поставщика | C38: Контроль по двухпроводной линии С2000-КДЛ-2И (Ц:2168,10руб:1,18:4,19) | D38: 1 шт. | E38: 1 | J38: 439
A39: 13 | B39: ТЕРм10-08-001-13 | C39: Монтаж: контроллер С2000-КДЛ-2И | D39: 1 шт. | E39: 1 | F39: 64.92 | G39: 57.52 | H39: 0.37 | J39: 65 | K39: 58 | N39: 4 | O39: 4
A40: 14 | B40: Цена поставщика | C40: Адресный релейный блок на два реле С2000-СП1 (Ц:1700,60руб:1,18:4,19) | D40: 1 шт. | E40: 1 | J40: 219
A41: 15 | B41: ТЕРм10-08-001-13 | C41: Монтаж: блок сигнально-пусковой С2000-СП1 | D41: 1 шт. | E41: 1 | F41: 64.92 | G41: 57.52 | H41: 0.37 | J41: 65 | K41: 58 | N41: 4 | O41: 4
A42: 16 | B42: Цена поставщика | C42: Источник питания СКАТ2412 (Ц:5861руб:1,18:4,19) | D42: 1 шт. | E42: 1 | J42: 1185
A43: 17 | B43: ТЕРм10-02-016-06 | C43: Монтаж: преобразователь или блок питания | D43: 1 шт. | E43: 1 | F43: 256.7 | G43: 157.76 | H43: 33.83 | I43: 6.87 | J43: 257 | K43: 158 | L43: 34 | M43: 7 | N43: 10.1 | O43: 10.1 | P43: 0.44 | Q43: 0.44
A44: 18 | B44: Цена поставщика | C44: АКБ 12в 12,0 А/ч (Ц:1056,33руб:1,18:5.56) | D44: шт | E44: 2 | F44: 161.01 | J44: 322
A45: 19 | B45: Цена поставщика | C45: Извещатель пожарный дымовой оптико-электронный ДИП-34А (Ц:770руб :1,18:5,56) | D45: шт | E45: 45 | F45: 117.36 | J45: 5281
A46: 20 | B46: ТЕРм10-08-003-01 | C46: Монтаж: извещатель пожарный дымовой оптико-электронный | D46: 1 шт. | E46: 40 | F46: 118.78 | G46: 108.98 | H46: 0.37 | J46: 4751 | K46: 4359 | L46: 15 | N46: 7.92 | O46: 316.8
A47: 21 | B47: Цена поставщика | C47: Блок индикации С2000-БИ (Ц:4336,20руб:1,18:4,19) | D47: 1 шт. | E47: 1 | J47: 877
A48: 22 | B48: ТЕРм10-08-001-13 | C48: Монтаж: блок индикации С2000-БИ | D48: 1 шт. | E48: 1 | F48: 64.92 | G48: 57.52 | H48: 0.37 | J48: 65 | K48: 58 | N48: 4 | O48: 4
A49: 23 | B49: Цена поставщика | C49: Кабель для подключения пульта С2000 к компьютеру (Ц:91,52руб 1,18:5,56) | D49: шт | E49: 1 | F49: 13.95 | J49: 14
A50: 24 | B50: Цена поставщика | C50: Извещатель ручной "ИПР 513-ЗАМ" исп. 01 (Ц:550руб 1,18:5,56) | D50: шт | E50: 4 | F50: 83.83 | J50: 335
A51: 25 | B51: ТЕРм10-04-066-05 | C51: Монтаж: извещатель пожарный ручной | D51: 1 шт. | E51: 3 | F51: 13.89 | G51: 12.78 | J51: 42 | K51: 38 | N51: 1 | O51: 3
A52: 26 | B52: Цена поставщика | C52: Блок разветвительно-изолирующий "Бриз" (Ц:320,60руб 1,18:5,56) | D52: шт | E52: 4 | F52: 48.87 | J52: 195
A53: 27 | B53: ФССЦ-509-1881 | C53: Извещатель пожарный дымовой АНТИШОК ИП 212-5М3 (ДИП-3М3) КОЭФ. К ПОЗИЦИИ: Приведение расценок ФЕР к территориальному уровню (Письмо УРЦЦС Ц-297 от 12.04.2011) ОЗП=1,41; ЭМ=1,242; ЗПМ=1,41; МАТ=1,052 | D53: шт. | E53: 11 | F53: 125.83 | J53: 1384
A54: 28 | B54: ТЕРм10-08-002-02 | C54: Извещатель ПС автоматический дымовой, фотоэлектрический, радиоизотопный, световой в нормальном исполнении | D54: 1 шт. | E54: 11 | F54: 28.38 | G54: 22.76 | H54: 0.46 | J54: 312 | K54: 250 | L54: 5 | N54: 1.68 | O54: 18.48
A55: 29 | B55: Цена поставщика | C55: Светоуказатель Выход "Люкс-24" (Ц:165руб :1,18:5,56) | D55: шт | E55: 4 | F55: 25.15 | J55: 101
A56: 30 | B56: ТЕРм10-04-066-06 | C56: Монтаж: оповещатель световой | D56: 1 шт. | E56: 4 | F56: 98.76 | G56: 74.88 | J56: 395 | K56: 300 | N56: 6 | O56: 24
A57: 31 | B57: Цена поставщика | C57: Блок защиты от скачков напряжения "Альбатрос-500" (Ц:528руб:1,18:4,19) | D57: шт | E57: 1 | J57: 107
A58: 32 | B58: ТЕРм10-08-003-03 | C58: Монтаж: блок защиты от скачков напряжения "АЛЬБАТРОС-500" | D58: 1 шт. | E58: 1 | F58: 59.97 | G58: 51.77 | H58: 0.37 | J58: 60 | K58: 52 | N58: 3.6 | O58: 3.6
A59: 33 | B59: Цена поставщика | C59: АВТ. ВЫКЛ.iC60N 1П 10A C A9F79110 (Ц:203,53руб:5,56) | D59: шт | E59: 1 | F59: 36.61 | J59: 37
A60: 34 | B60: ТЕРм08-03-526-01 | C60: Автомат одно-, двух-, трехполюсный, устанавливаемый в шкафу, на ток до 25 А | D60: 1 шт. | E60: 1 | F60: 174.77 | G60: 20.9 | H60: 1.28 | J60: 175 | K60: 21 | L60: 1 | N60: 1.56 | O60: 1.56
A61: 35 | B61: ФЕРм08-02-390-01 | C61: Короба пластмассовые: шириной до 40 мм КОЭФ. К ПОЗИЦИИ: Приведение расценок ФЕР к территориальному уровню (Письмо УРЦЦС Ц-297 от 12.04.2011) ОЗП=1,41; ЭМ=1,242; ЗПМ=1,41; МАТ=1,052 | D61: 100 м | E61: 3.8 | F61: 311.4 | G61: 218.44 | H61: 38.75 | I61: 0.17 | J61: 1183 | K61: 830 | L61: 147 | M61: 1 | N61: 16.29 | O61: 61.9 | P61: 0.01 | Q61: 0.04
A62: 36 | B62: Цена поставщика | C62: Кабель-канал DKC 15/1x17 TMC IN-Liner L=2м,, 00303 (Ц:23руб:1,18:5,56) | D62: шт. | E62: 190 | F62: 3.51 | J62: 667
A63: 37 | B63: ФЕРм08-02-390-02 | C63: Короба пластмассовые: шириной до 63 мм КОЭФ. К ПОЗИЦИИ: Приведение расценок ФЕР к территориальному уровню (Письмо УРЦЦС Ц-297 от 12.04.2011) ОЗП=1,41; ЭМ=1,242; ЗПМ=1,41; МАТ=1,052 | D63: 100 м | E63: 0.08 | F63: 363.95 | G63: 246.59 | H63: 43.79 | I63: 0.17 | J63: 29 | K63: 20 | L63: 4 | N63: 18.39 | O63: 1.47 | P63: 0.01
A64: 38 | B64: Цена поставщика | C64: Кабель-канал DKC 50x20 TMС IN-Liner самоклеющийся L=2м, 00313 (Ц:69,61руб:1,18:5,56) | D64: шт. | E64: 4 | F64: 10.61 | J64: 42
A65: 39 | B65: ФССЦ-501-8442 | C65: Кабель силовой с медными жилами с поливинилхлоридной изоляцией и оболочкой, не распространяющий горение марки ВВГнг, напряжением 0,66 кВ, с числом жил - 3 и сечением 1,5 мм2 КОЭФ. К ПОЗИЦИИ: Приведение расценок ФЕР к территориальному уровню (Письмо УРЦЦС Ц-297 от 12.04.2011) ОЗП=1,41; ЭМ=1,242; ЗПМ=1,41; МАТ=1,052 | D65: 1000 м | E65: 0.01 | F65: 3194.61 | J65: 32
A66: 40 | B66: ТСЦ-501-8183 | C66: Кабель силовой с медными жилами с поливинилхлоридной изоляцией в поливинилхлоридной оболочке без защитного покрова ВВГ, напряжением 0,66 Кв, число жил 2 и сечением 1,5 мм2 | D66: 1000 м | E66: 0.0255 | F66: 4439.3 | J66: 113
A67: 41 | B67: Цена поставщика | C67: Кабель КПСнг(А)-FRLS 1х2х0,5 (Ц:30018руб :1,18:5,56) | D67: 1000м | E67: 0.495 | F67: 4575.36 | J67: 2265
A68: 42 | B68: Цена поставщика | C68: КИПЭВнг(А)-LS 1х2х0,6 (Ц:60060руб :1,18:5,56) | D68: 1000 м | E68: 0.0255 | F68: 9154.37 | J68: 233
A69: 43 | B69: ТЕРм08-02-399-01 | C69: Провод (кабель) в коробах, сечением до 6 мм2 | D69: 100 м | E69: 5.45 | F69: 189.23 | G69: 46.64 | H69: 56.09 | I69: 24.55 | J69: 1031 | K69: 254 | L69: 306 | M69: 134 | N69: 3.52 | O69: 19.18 | P69: 1.57 | Q69: 8.56
A70: 44 | B70: ТСЦ-503-0460 | C70: Разветвительная коробка УК-2 | D70: шт. | E70: 13 | F70: 2.85 | J70: 37
A71: 45 | B71: ТЕРм10-08-019-01 | C71: Коробка ответвительная на стене | D71: 1 шт. | E71: 11 | F71: 7.32 | G71: 6.88 | J71: 81 | K71: 76 | N71: 0.5 | O71: 5.5
A72: 46 | B72: ТСЦ-509-0213 прим. | C72: Клеммная колодка | D72: шт. | E72: 4 | F72: 16.64 | J72: 67
A73: 47 | B73: ТЕРм10-04-030-04 | C73: Дополнительная установка на пультах и панелях колодки клеммной на 20 клемм | D73: 1 шт. | E73: 4 | F73: 27.06 | G73: 11.51 | J73: 108 | K73: 46 | N73: 1 | O73: 4
A74: 48 | B74: ТЕРм10-06-037-05 | C74: Шкаф настенный для приборов, размер до 640х840 мм | D74: 1 шт. | E74: 1 | F74: 121.87 | G74: 26.33 | H74: 2.39 | J74: 122 | K74: 26 | L74: 2 | N74: 2.06 | O74: 2.06
A75: 49 | B75: Цена поставщика | C75: Шкаф автоматики со стеклянной дверцей 800х600х250 SR 8625V (Ц:9262,94руб :1,18:5,56) | D75: шт | E75: 1 | F75: 1411.86 | J75: 1412
A76: 50 | B76: Цена поставщика | C76: Плата монтажная PF 8060 (Ц:2817,94руб :1,18:5,56) | D76: шт | E76: 1 | F76: 429.51 | J76: 430
A77: 51 | B77: Цена поставщика | C77: Петли для крепления шкафа АА 1206 (Ц:351,13руб :1,18:5,56) | D77: копл-кт | E77: 1 | F77: 53.52 | J77: 54
A78: 52 | B78: Цена поставщика | C78: Комплект стоек длиной 25 мм (12 шт) АА 8025 (Ц:554,68руб :1,18:5,56) | D78: шт | E78: 1 | F78: 84.54 | J78: 85
A79: 53 | B79: Цена поставщика | C79: Шина нул в корп изол на DIN-рейку ШНИ-6х9-12-К-З ИЭК YNN10-69-12KD-K06 (Ц:59,37руб :1,18:5,56) | D79: шт | E79: 2 | F79: 9.05 | J79: 18
A80: 54 | B80: Цена поставщика | C80: DIN-рейка (40см) оцинкованная (Ц:40,40руб :1,18:5,56) | D80: шт | E80: 1 | F80: 6.16 | J80: 6
A81: 55 | B81: Цена поставщика | C81: Шина "N"нулевая 6х9мм 14/2 (14групп/крепеж по краям) ИЭК YNN11-14-100 (Ц:64,96руб :1,18:5,56) | D81: шт | E81: 2 | F81: 9.9 | J81: 20
A82: 56 | B82: Цена поставщика | C82: Изолятор DIN желтый YIS21 (Ц:8,75руб :1,18:5,56) | D82: шт | E82: 2 | F82: 1.33 | J82: 3
A83: 57 | B83: ТСЦ-509-0584 | C83: Резисторы, диоды | D83: шт. | E83: 12 | F83: 1.19 | J83: 14
A84: 58 | B84: ТЕРм11-03-001-01 | C84: Монтаж: резисторы, диоды | D84: 1 шт. | E84: 7 | F84: 8.41 | G84: 7.26 | J84: 59 | K84: 51 | N84: 0.52 | O84: 3.64
A85: 59 | B85: Цена поставщика | C85: Передатчик-коммуникатор RS-202TD (Ц:6430руб:1,18:4,19) | D85: шт | E85: 1 | J85: 1301
A86: 60 | B86: ТЕРм10-04-077-04 | C86: Монтаж: передатчик | D86: 1 шт. | E86: 1 | F86: 596.92 | G86: 428.18 | H86: 121.47 | I86: 24.68 | J86: 597 | K86: 428 | L86: 121 | M86: 25 | N86: 31.6 | O86: 31.6 | P86: 1.58 | Q86: 1.58
A87: 61 | B87: Цена поставщика | C87: Антенна объектовая, в комплекте с фидером 3м АН2-433 (Ц:1224,30руб:1,18:4,19) | D87: шт | E87: 1 | J87: 248
A88: 62 | B88: ТЕРм10-04-077-03 | C88: Монтаж: антенна объектовая | D88: 1 шт. | E88: 1 | F88: 572.97 | G88: 383.47 | H88: 109.17 | I88: 22.18 | J88: 573 | K88: 383 | L88: 109 | M88: 22 | N88: 28.3 | O88: 28.3 | P88: 1.42 | Q88: 1.42
A89: 63 | B89: ТСЦ-509-1263 прим. | C89: Разъём кабельный | D89: шт. | E89: 4 | F89: 4.9 | J89: 20
A90: 64 | B90: Цена поставщика | C90: Изолятор DIN желтый YIS21 (Ц:8,75руб :1,18:5,56) | D90: шт | E90: 2 | F90: 1.33 | J90: 3
A91: 65 | B91: Цена поставщика | C91: Кабель антенный РК50-3-34 (Ц:24000руб :1,18:5,56) | D91: 1000м | E91: 0.015 | F91: 3658.09 | J91: 55
A92: 66 | B92: ТЕРм08-02-399-01 | C92: Провод (кабель) в коробах, сечением до 6 мм2 | D92: 100 м | E92: 0.15 | F92: 189.23 | G92: 46.64 | H92: 56.09 | I92: 24.55 | J92: 28 | K92: 7 | L92: 8 | M92: 4 | N92: 3.52 | O92: 0.53 | P92: 1.57 | Q92: 0.24
A93: Раздел 3. Пусконаладочные работы (в холостую 80%)
A94: 67 | B94: ТЕРп01-10-001-01 | C94: Сбор и реализация сигналов информации устройств защиты, автоматики электрических и технологических режимов КОЭФ. К ПОЗИЦИИ: 0.10 При выполнении пусконаладочных работ на высоте от 2 до 8м ОЗП=1,1; ТЗ=1,1 | D94: 1 сигнал | E94: 59 | F94: 27.19 | G94: 27.19 | J94: 1604 | K94: 1604 | N94: 1.65 | O94: 97.35
A95: 68 | B95: ТЕРп01-10-010-01 | C95: Схема контроля изоляции электрической сети с помощью электроизмерительных приборов | D95: 1 схема | E95: 2 | F95: 95.38 | G95: 95.38 | J95: 191 | K95: 191 | N95: 6 | O95: 12
A96: 69 | B96: ТЕРп01-04-075-01 | C96: Высокочастотный канал одного полукомплекта защиты или аппаратуры противоаварийной автоматики на линии без ответвлений | D96: 1 полукомплект | E96: 1 | F96: 1461.28 | G96: 1461.28 | J96: 1461 | K96: 1461 | N96: 80 | O96: 80
A97: Итого прямые затраты по смете в ценах 2001г. | J97: 33304 | K97: 11818 | L97: 769 | M97: 196 | O97: 826.98 | Q97: 12.46
A98: Итого прямые затраты по смете с учетом коэффициентов к итогам | J98: 37212 | K98: 14974 | L98: 1048 | M98: 275 | O98: 1017.12 | Q98: 16.8
A99: В том числе, справочно:
A100: Районный к-т 4,3% (Поз. 1, 3-4, 8, 11, 13, 15, 17, 20, 22, 28, 32, 45, 58, 2, 48, 5-7, 25, 30, 47, 60, 62, 9, 34-35, 37, 43, 66-69) | J100: 516 | K100: 508 | L100: 8 | M100: 8
A101: Заготовительно-складские расходы на материалы - согласно п.4.64 из МДС 81-35.2004 МАТ=1,02 (Поз. 18-19, 23-24, 26, 29, 33, 36, 38, 41-42, 49-56, 64-65) | J101: 232
A102: Транспортные расходы на оборудование - согласно п.4.60 из МДС 81-35.2004 ПЗ=1,03 (ОЗП=1,03; ЭМ=1,03; МАТ=1,03) (Поз. 10, 12, 14, 16, 21, 59, 61, 31) | J102: 171
A103: Заготовительно-складские расходы на оборудование - согласно п.4.64 из МДС 81-35.2004 ПЗ=1,012 (ОЗП=1,012; ЭМ=1,012; МАТ=1,012) (Поз. 10, 12, 14, 16, 21, 59, 61, 31) | J103: 70
...

Sheet 25003
A1: СОГЛАСОВАНО: | E1: ФГУП "Комбинат "Электрохимприбор" | M1: УТВЕРЖДАЮ:
G2: (наименование стройки) | M2: Зам. генерального директора
M3: Е.В.Гордеев
A4: _________________ | M4: _________________
A5: " _____ " ________________ 2013 г. | M5: "______ " __________2013 г.
G6: ЛОКАЛЬНЫЙ СМЕТНЫЙ РАСЧЕТ № 25003
G7: (локальная смета)
C9: на | D9: реконструкцию помещений для отдела 042. г.Лесной ул.Островского, 2. Инв.№ 8811031
D10: Раздел: Электрооборудование. Электроосвещение.
G11: (наименование работ и затрат, наименование объекта)
D13: Основание: проект № 24684-13-ЭМО
D14: Сметная стоимость монтажных работ _______________________________________________________________________________________________ | J14: ___________________________106,725 | L14: тыс. руб.
D15: Средства на оплату труда _______________________________________________________________________________________________ | J15: ___________________________12,094 | L15: тыс. руб.
D16: Сметная трудоемкость _______________________________________________________________________________________________ | J16: _______________________________________________________________________________________________718,9 | L16: чел.час
D17: Составлен(а) в базовых ценах 2001г. в редакции 2009г.
A19: № пп | B19: Обоснование | C19: Наименование | D19: Ед. изм. | E19: Кол. | F19: Стоимость единицы, руб. | J19: Общая стоимость, руб. | N19: Т/з осн. раб.на ед. | O19: Т/з осн. раб. Всего | P19: Т/з мех. на ед. | Q19: Т/з мех. Всего
F20: Всего | G20: В том числе | J20: Всего | K20: В том числе
G21: Осн.З/п | H21: Эк.Маш | I21: З/пМех | K21: Осн.З/п | L21: Эк.Маш | M21: З/пМех
A22: 1 | B22: 2 | C22: 3 | D22: 4 | E22: 5 | F22: 6 | G22: 7 | H22: 8 | I22: 9 | J22: 10 | K22: 11 | L22: 12 | M22: 13 | N22: 14 | O22: 15 | P22: 16 | Q22: 17
A23: Раздел 1. Демонтажные работы
A24: 1 | B24: ТЕРр67-4-5 | C24: Демонтаж светильников для люминесцентных ламп | D24: 100 шт. | E24: 0.73 | F24: 205.2 | G24: 201.98 | H24: 3.22 | I24: 1.25 | J24: 150 | K24: 148 | L24: 2 | M24: 1 | N24: 17.89 | O24: 13.06 | P24: 0.08 | Q24: 0.06
A25: 2 | B25: ТЕРр67-4-1 | C25: Демонтаж выключателей, розеток | D25: 100 шт. | E25: 0.62 | F25: 64.18 | G25: 64.18 | J25: 40 | K25: 40 | N25: 5.84 | O25: 3.62
A26: 3 | B26: ТЕРр67-3-1 | C26: Демонтаж кабеля | D26: 100 м | E26: 2 | F26: 106.34 | G26: 105.94 | H26: 0.4 | I26: 0.16 | J26: 213 | K26: 212 | L26: 1 | N26: 9.64 | O26: 19.28 | P26: 0.01 | Q26: 0.02
A27: 4 | B27: ТЕРм08-03-572-04 | C27: Демонтаж: пульт управления вентиляцией КОЭФ. К ПОЗИЦИИ: Демонтаж оборудования, которое не подлежит дальнейшему использованию (предназначено в лом) без разборки и резки ОЗП=0,3; ЭМ=0,3 к расх.; ЗПМ=0,3; МАТ=0 к расх.; ТЗ=0,3; ТЗМ=0,3 | D27: 1 шт. | E27: 2 | F27: 43.15 | G27: 14.63 | H27: 28.52 | I27: 1.58 | J27: 86 | K27: 29 | L27: 57 | M27: 3 | N27: 1.05 | O27: 2.1 | P27: 0.09 | Q27: 0.18
A28: 5 | B28: ТЕРм08-03-599-10 | C28: Демонтаж: щиток осветительный КОЭФ. К ПОЗИЦИИ: Демонтаж оборудования, которое не подлежит дальнейшему использованию (предназначено в лом) без разборки и резки ОЗП=0,3; ЭМ=0,3 к расх.; ЗПМ=0,3; МАТ=0 к расх.; ТЗ=0,3; ТЗМ=0,3 | D28: 1 шт. | E28: 2 | F28: 19.83 | G28: 17.48 | H28: 2.35 | I28: 0.11 | J28: 40 | K28: 35 | L28: 5 | N28: 1.25 | O28: 2.5 | P28: 0.01 | Q28: 0.02
A29: Раздел 2. Освещение
A30: 6 | B30: Цена поставщика | C30: Светильник ЛВО07-4х18-031 PRB HF 1076418031 | D30: шт. | E30: 43 | F30: 255,61 1677/1,18/5,56 | J30: 10991
A31: 7 | B31: Цена поставщика | C31: Светильник OWP/R 418 HF 1373000280 | D31: шт. | E31: 3 | F31: 882,67 5791/1,18/5,56 | J31: 2648
A32: 8 | B32: ТЕРм08-03-594-11 | C32: Светильник в подвесных потолках, устанавливаемый на подвесках, количество ламп в светильнике до 4 | D32: 100 шт. | E32: 0.46 | F32: 21718.13 | G32: 4428.49 | H32: 2997.27 | I32: 1185.44 | J32: 9990 | K32: 2037 | L32: 1379 | M32: 545 | N32: 317 | O32: 145.82 | P32: 75.65 | Q32: 34.8
A33: 9 | B33: Цена поставщика | C33: Светильник ЛБО54-18-112 Econom 1054118112 | D33: шт. | E33: 10 | F33: 136,11 893/1,18/5,56 | J33: 1361
A34: 10 | B34: Цена поставщика | C34: Светильник NBS 50F114 1415000310 | D34: шт. | E34: 1 | F34: 658,37 4319.46/1,18/5,56 | J34: 658
A35: 11 | B35: Цена поставщика | C35: Светильник НПП2602А белый/круг без решетки пластик 60Вт IP54ИЭК LNPP0-2602A-1-060-K01 | D35: шт. | E35: 10 | F35: 31,51 206,75/1,18/5,56 | J35: 315
A36: 12 | B36: ТЕРм08-03-594-01 | C36: Светильник отдельно устанавливаемый на штырях с количеством ламп в светильнике 1 | D36: 100 шт. | E36: 0.21 | F36: 5754.44 | G36: 1229.36 | H36: 1526.51 | I36: 520.21 | J36: 1208 | K36: 258 | L36: 321 | M36: 109 | N36: 88 | O36: 18.48 | P36: 33.05 | Q36: 6.94
A37: 13 | B37: Цена поставщика | C37: Светильник ЛПО46-2х28-613 Luxe 1056228613 | D37: шт. | E37: 23 | F37: 175,44 1151/1,18/5,56 | J37: 4035
A38: 14 | B38: ТЕРм08-03-594-02 | C38: Светильник отдельно устанавливаемый на штырях с количеством ламп в светильнике 2 | D38: 100 шт. | E38: 0.23 | F38: 6855.13 | G38: 1620.52 | H38: 2228.22 | I38: 710.91 | J38: 1577 | K38: 373 | L38: 512 | M38: 164 | N38: 116 | O38: 26.68 | P38: 45.08 | Q38: 10.37
A39: 15 | B39: ТСЦ-509-0696 | C39: Лампы люминесцентные | D39: 10 шт. | E39: 25.1 | F39: 113.9 | J39: 2859
A40: 16 | B40: Цена поставщика | C40: Выключатель одноклавишный для открытой установки ВС20-1-0-ОБ серия "Октава" EVО10-K01-10-DC | D40: шт. | E40: 10 | F40: 19,43 127,48/1,18/5,56 | J40: 194
A41: 17 | B41: ТЕРм08-03-591-01 | C41: Выключатель одноклавишный неутопленного типа при открытой проводке | D41: 100 шт. | E41: 0.1 | F41: 758.17 | G41: 551.82 | H41: 27.07 | I41: 0.55 | J41: 76 | K41: 55 | L41: 3 | N41: 39.5 | O41: 3.95 | P41: 0.03
A42: 18 | B42: Цена поставщика | C42: Выключатель двухклавишный для открытой установки ВС20-2-0-ОБ серия "Октава" EVО20-K01-10-DC | D42: шт. | E42: 7 | F42: 29,19 191,51/1,18/5,56 | J42: 204
A43: 19 | B43: ТЕРм08-03-591-04 | C43: Выключатель двухклавишный неутопленного типа при открытой проводке | D43: 100 шт. | E43: 0.07 | F43: 801.67 | G43: 613.28 | H43: 29.99 | I43: 0.73 | J43: 56 | K43: 43 | L43: 2 | N43: 43.9 | O43: 3.07 | P43: 0.04
A44: 20 | B44: Цена поставщика | C44: РРС20-3-ОБ Розетка одноместная с з/к для открытой установки | D44: шт. | E44: 5 | F44: 9,58 62,82/1,18/5,56 | J44: 48
A45: 21 | B45: ТЕРм08-03-591-08 | C45: Розетка штепсельная неутопленного типа при открытой проводке | D45: 100 шт. | E45: 0.05 | F45: 813.8 | G45: 603.5 | H45: 29.99 | I45: 0.73 | J45: 41 | K45: 30 | L45: 1 | N45: 43.2 | O45: 2.16 | P45: 0.04
A46: 22 | B46: Цена поставщика | C46: Коробка КМ41219 распаячная для о/п 100х100х29мм белая (с контактной группой) | D46: шт. | E46: 35 | F46: 10,54 69,12/1,18/5,56 | J46: 369
A47: 23 | B47: ТСЦ-509-2031 | C47: Вставки плавкие | D47: шт. | E47: 6 | F47: 29.01 | J47: 174
A48: 24 | B48: ТЕРм11-03-001-01 | C48: Монтаж: вставка плавкая | D48: 1 шт. | E48: 6 | F48: 8.41 | G48: 7.26 | J48: 50 | K48: 44 | N48: 0.52 | O48: 3.12
A49: Раздел 3. Кабель-канал электроустановочный 50х80мм
A50: 25 | B50: ФЕРм08-02-390-03 | C50: Короба пластмассовые: шириной до 120 мм КОЭФ. К ПОЗИЦИИ: Приведение расценок ФЕР к территориальному уровню (Письмо УРЦЦС Ц-297 от 12.04.2011) ОЗП=1,41; ЭМ=1,242; ЗПМ=1,41; МАТ=1,052 | D50: 100 м | E50: 1.16 | F50: 419.25 | G50: 272.61 | H50: 48.52 | I50: 0.17 | J50: 486 | K50: 316 | L50: 56 | N50: 20.33 | O50: 23.58 | P50: 0.01 | Q50: 0.01
A51: 26 | B51: Цена поставщика | C51: "Legrand" DLP Кабель-канал 80x50 010419 | D51: шт | E51: 58 | F51: 54,23 355,77/1,18/5,56 | J51: 3145
A52: 27 | B52: Цена поставщика | C52: "Legrand" DLPПерегородка разделит. 50 мм 010582 | D52: шт | E52: 58 | F52: 17,47 114,64/1,18/5,56 | J52: 1013
A53: 28 | B53: Цена поставщика | C53: "Legrand" DLP Накл.на стык короба 65мм 010691 | D53: шт | E53: 58 | F53: 4,73 31,05/1,18/5,56 | J53: 274
A54: 29 | B54: Цена поставщика | C54: "Legrand" DLPНакл. на стык крышки 65мм 010801 | D54: шт | E54: 58 | F54: 8,33 54,62/1,18/5,56 | J54: 483
A55: 30 | B55: Цена поставщика | C55: "Legrand" DLPУг.внутр. на выс.50мм 010602 | D55: шт | E55: 40 | F55: 42,85 281,11/1,18/5,56 | J55: 1714
A56: 31 | B56: Цена поставщика | C56: "Legrand" DLPУг.внеш. на выс. 50мм 010622 | D56: шт | E56: 32 | F56: 47,05 308,67/1,18/5,56 | J56: 1506
A57: 32 | B57: Цена поставщика | C57: "Legrand" DLPУг.плоск. д/ 50х80 бел. 010767 | D57: шт | E57: 8 | F57: 64,26 421,60/1,18/5,56 | J57: 514
A58: 33 | B58: Цена поставщика | C58: "Legrand" DLPФиксатор кабеля скоба 010681 | D58: шт | E58: 165 | F58: 7,07 46,37/1,18/5,56 | J58: 1167
A59: 34 | B59: Цена поставщика | C59: "Legrand" DLPЗаглушка 80x35 010722 | D59: шт | E59: 9 | F59: 17,19 112,78/1,18/5,56 | J59: 155
A60: 35 | B60: Цена поставщика | C60: "Legrand" DLPОтвод Т ш.80мм 010735 | D60: шт | E60: 6 | F60: 85,15 558,68/1,18/5,56 | J60: 511
A61: Электроустановочные изделия к кабель-каналу DLP (крышка 65мм)
A62: 36 | B62: Цена поставщика | C62: "Legrand" Роз.DLP н.ст. 2Х2К+З б/заж. 077402 | D62: шт | E62: 17 | F62: 65,93 432,55/1,18/5,56 | J62: 1121
A63: 37 | B63: ТЕРм08-03-591-12 прим. | C63: Блоки с розетками на 4 модуля | D63: 100 шт. | E63: 0.17 | F63: 1151.02 | G63: 969.52 | H63: 20.46 | I63: 1.27 | J63: 196 | K63: 165 | L63: 3 | N63: 69.4 | O63: 11.8 | P63: 0.07 | Q63: 0.01
A64: 38 | B64: Цена поставщика | C64: "Legrand" Суппорт/Рамка 4 М Dlp Кр.65 010954 | D64: шт | E64: 17 | F64: 16,11 105,69/1,18/5,56 | J64: 274
A65: 39 | B65: ТЕРм10-06-037-13 | C65: Крышка декоративная и другие мелкие изделия (без присоединения проводов) | D65: 100 шт. | E65: 0.17 | F65: 82.85 | G65: 78.98 | J65: 14 | K65: 13 | N65: 6.18 | O65: 1.05
A66: 40 | B66: Цена поставщика | C66: "Legrand" Mosaic Розетка RJ11 (1 модуль) 078730 | D66: шт | E66: 14 | F66: 29,5 193,56/1,18/5,56 | J66: 413
A67: 41 | B67: Цена поставщика | C67: "Legrand" MOSAIC RJ45 UTP кат5е 1мод бел 076551 | D67: шт | E67: 14 | F67: 33,07 216,98/1,18/5,56 | J67: 463
A68: 42 | B68: Цена поставщика | C68: "Legrand" Msc Роз. DLP н.ст. 2К+З б/заж. 077401 | D68: шт | E68: 5 | F68: 42,61 279,57/1,18/5,56 | J68: 213
A69: 43 | B69: ТЕРм08-03-591-08 | C69: Розетка штепсельная неутопленного типа при открытой проводке | D69: 100 шт. | E69: 0.33 | F69: 813.8 | G69: 603.5 | H69: 29.99 | I69: 0.73 | J69: 269 | K69: 199 | L69: 10 | N69: 43.2 | O69: 14.26 | P69: 0.04 | Q69: 0.01
A70: 44 | B70: Цена поставщика | C70: "Legrand" Суппорт/Рамка 2 М Dlp Кр.65 010952 | D70: шт | E70: 19 | F70: 9,74 63,92/1,18/5,56 | J70: 185
A71: 45 | B71: ТЕРм10-06-037-13 | C71: Крышка декоративная и другие мелкие изделия (без присоединения проводов) | D71: 100 шт. | E71: 0.19 | F71: 82.85 | G71: 78.98 | J71: 16 | K71: 15 | N71: 6.18 | O71: 1.17
A72: Кабель-канал магистральный 60х120мм
A73: 46 | B73: ФЕРм08-02-390-03 | C73: Короба пластмассовые: шириной до 120 мм КОЭФ. К ПОЗИЦИИ: Приведение расценок ФЕР к территориальному уровню (Письмо УРЦЦС Ц-297 от 12.04.2011) ОЗП=1,41; ЭМ=1,242; ЗПМ=1,41; МАТ=1,052 | D73: 100 м | E73: 0.6 | F73: 419.25 | G73: 272.61 | H73: 48.52 | I73: 0.17 | J73: 252 | K73: 164 | L73: 29 | N73: 20.33 | O73: 12.2 | P73: 0.01 | Q73: 0.01
A74: 47 | B74: Цена поставщика | C74: Короб пластиковый TA-GN 120X60 01787 | D74: шт. | E74: 30 | F74: 57,32 376,04/1,18/5,56 | J74: 1720
A75: 48 | B75: Цена поставщика | C75: РАЗДЕЛИТЕЛЬ ДЛЯ ТА-GN SEP-N 60/40 (продукт подходит и для системы "ИнлайнерФронт") 01415 | D75: шт. | E75: 120 | F75: 8,85 58,07/1,18/5,56 | J75: 1062
A76: 49 | B76: Цена поставщика | C76: ФИКСАТОР КАБЕЛЯ ДЛЯ ТА-EN, TA-GN TR-E 120 07715 | D76: шт. | E76: 90 | F76: 7,15 46,89/1,18/5,56 | J76: 644
A77: 50 | B77: Цена поставщика | C77: ЗАГЛУШКА ДЛЯ СЕРИИ ТА-EN, TA-GN LAN 120X60 00877 | D77: шт. | E77: 6 | F77: 16,13 105,82/1,18/5,56 | J77: 97
A78: 51 | B78: Цена поставщика | C78: НАКЛАДКА НА КОРОБКУ / СТЕНУ RQM 120 01777 | D78: шт. | E78: 4 | F78: 6,85 44,95/1,18/5,56 | J78: 27
A79: 52 | B79: Цена поставщика | C79: ПЛОСКИЙ УГОЛ ДЛЯ СЕРИИ ТА-EN, TA-GN NPAN 120X60 01746 | D79: шт. | E79: 5 | F79: 37,06 243,12/1,18/5,56 | J79: 185
A80: 53 | B80: Цена поставщика | C80: ОТВОД/СОЕДИНЕНИЕ ДЛЯ СЕРИИ ТА-EN, TA-GN NTAN 120X60 01762 | D80: шт. | E80: 5 | F80: 32,12 210,72/1,18/5,56 | J80: 161
A81: 54 | B81: Цена поставщика | C81: ВНЕШНИЙ ИЗМЕНЯЕМЫЙ УГОЛ ДЛЯ СЕРИИ TA-EN, TA-GN NEAV 120X60 01714 | D81: шт. | E81: 10 | F81: 33,34 218,74/1,18/5,56 | J81: 333
A82: 55 | B82: Цена поставщика | C82: ВНУТРЕННИЙ ИЗМЕНЯЕМЫЙ УГОЛ ДЛЯ СЕРИИ ТА-EN, TA-GN NIAV 120X60 01730 | D82: шт. | E82: 10 | F82: 31,74 208,25/1,18/5,56 | J82: 317
A83: 56 | B83: Цена поставщика | C83: СОЕДИНЕНИЕ НА СТЫК ДЛЯ СЕРИИ ТА-EN, TA-GN GAN 120 00888 | D83: шт. | E83: 25 | F83: 14,47 94,94/1,18/5,56 | J83: 362
A84: 57 | B84: Цена поставщика | C84: НАКЛАДКА БОКОВАЯ ДЛЯ СЕРИИ ТА-EN, TA-GN SGAN 60 00833 | D84: шт. | E84: 25 | F84: 3,2 20,98/1,18/5,56 | J84: 80
A85: 58 | B85: Цена поставщика | C85: СОЕДИНИТЕЛЬ ВНУТРЕННИЙ ДЛЯ ТА-EN, TA-GN GTA-SN 60 02308 | D85: шт. | E85: 50 | F85: 17,49 114,77/1,18/5,56 | J85: 875
A86: 59 | B86: ФЕРм08-02-390-01 | C86: Короба пластмассовые: шириной до 40 мм КОЭФ. К ПОЗИЦИИ: Приведение расценок ФЕР к территориальному уровню (Письмо УРЦЦС Ц-297 от 12.04.2011) ОЗП=1,41; ЭМ=1,242; ЗПМ=1,41; МАТ=1,052 | D86: 100 м | E86: 1.7 | F86: 311.4 | G86: 218.44 | H86: 38.75 | I86: 0.17 | J86: 529 | K86: 371 | L86: 66 | N86: 16.29 | O86: 27.69 | P86: 0.01 | Q86: 0.02
A87: 60 | B87: Цена поставщика | C87: Кабель-канал 20х10 "ЭЛЕКОР" CKK10-020-010-1-K01 | D87: м | E87: 170 | F87: 2,42 15,88/1.18/5.56 | J87: 411
A88: Раздел 4. Щиты
A89: Щит ЩО-1
A90: 61 | B90: ТЕРм08-03-599-10 | C90: Щитки, устанавливаемые на стене распорными дюбелями, масса щитка до 15 кг | D90: 1 шт. | E90: 1 | F90: 128.26 | G90: 58.25 | H90: 7.85 | I90: 0.36 | J90: 128 | K90: 58 | L90: 8 | N90: 4.17 | O90: 4.17 | P90: 0.02 | Q90: 0.02
A91: 62 | B91: Цена поставщика | C91: Корпус металлический ЩРв-12з-1 36 УХЛ3 IP31 MKM14-V-12-30-Z | D91: шт. | E91: 1 | F91: 118,88 779,95/1,18/5,56 | J91: 119
A92: 63 | B92: Цена поставщика | C92: "Legrand" Авт.Выкл. DX 3П С25A 6kA 003453 | D92: шт | E92: 1 | F92: 108,5 711,84/1,18/5,56 | J92: 109
A93: 64 | B93: Цена поставщика | C93: "Legrand" Авт.Выкл. DX 1П B10A 6kA 003268 | D93: шт | E93: 3 | F93: 33,1 217,17/1,18/5,56 | J93: 99
A94: 65 | B94: Цена поставщика | C94: "Legrand" Авт.Выкл. DX 1П С16A 6kA 003386 | D94: шт | E94: 3 | F94: 22,72 149,05/1,18/5,56 | J94: 68
A95: 66 | B95: ТЕРм08-03-526-01 | C95: Монтаж: автомат одно-, двух-, трехполюсный, устанавливаемый на конструкции, на ток до 25 А | D95: 1 шт. | E95: 7 | F95: 174.77 | G95: 20.9 | H95: 1.28 | J95: 1223 | K95: 146 | L95: 9 | N95: 1.56 | O95: 10.92
A96: Щит ЩО-2
A97: 67 | B97: ТЕРм08-03-599-10 | C97: Щитки, устанавливаемые на стене распорными дюбелями, масса щитка до 15 кг | D97: 1 шт. | E97: 1 | F97: 128.26 | G97: 58.25 | H97: 7.85 | I97: 0.36 | J97: 128 | K97: 58 | L97: 8 | N97: 4.17 | O97: 4.17 | P97: 0.02 | Q97: 0.02
A98: 68 | B98: Цена поставщика | C98: Корпус металлический ЩРв-24зк-1 36 IP31 "UNIVERSAL" MKM12-V-24-31-ZK-U | D98: шт. | E98: 1 | F98: 382,39 2508,80/1,18/5,56 | J98: 382
A99: 69 | B99: Цена поставщика | C99: "Legrand" Авт.Выкл. DX 3П С63A 6kA 003457 | D99: шт | E99: 1 | F99: 157,52 1033,44/1,18/5,56 | J99: 158
A100: 70 | B100: ТЕРм08-03-526-02 | C100: Монтаж: автомат одно-, двух-, трехполюсный, устанавливаемый на конструкции, на ток до 100 А | D100: 1 шт. | E100: 1 | F100: 215.9 | G100: 31.09 | H100: 4.53 | I100: 0.18 | J100: 216 | K100: 31 | L100: 5 | N100: 2.32 | O100: 2.32 | P100: 0.01 | Q100: 0.01
A101: 71 | B101: Цена поставщика | C101: "Legrand" Авт.Выкл. DX 1П B10A 6kA 003268 | D101: шт | E101: 3 | F101: 33,1 217,17/1,18/5,56 | J101: 99
A102: 72 | B102: Цена поставщика | C102: "Legrand" Авт.Выкл. DX 1П С20A 6kA 003387 | D102: шт | E102: 10 | F102: 25,92 170,08/1,18/5,56 | J102: 259
A103: 73 | B103: Цена поставщика | C103: "Legrand" DXАВДТ1п+н30мА C20(AC)6000А6кА 007887 | D103: шт | E103: 2 | F103: 262,83 1724,37/1,18/5,56 | J103: 526
...

Sheet 25004
A1: СОГЛАСОВАНО: | E1: ФГУП "Комбинат "Электрохимприбор" | M1: УТВЕРЖДАЮ:
G2: (наименование стройки) | M2: Зам. генерального директора
A3: _____________________________ | M3: Е.В.Гордеев
A4: " _____ " ________________ 2013г. | G4: ЛОКАЛЬНЫЙ СМЕТНЫЙ РАСЧЕТ № 25004
G5: (локальная смета) | M5: "______ " __________2013 г.
C7: на | D7: Реконструкцию помещений для отдела 042. Город Лесной ул.Островского 2 (инв.№ 8811031)
E8: Раздел: Кондиционирование
H9: (наименование работ и затрат, наименование объекта)
D11: Основание: Проект № 24686-13-ОВ
D12: Сметная стоимость _______________________________________________________________________________________________ | J12: ___________________________61,961 | L12: тыс. руб.
D13: строительных работ _______________________________________________________________________________________________ | J13: _______________________________________________________________________________________________29,104 | L13: тыс. руб.
D14: монтажных работ _______________________________________________________________________________________________ | J14: _______________________________________________________________________________________________2,248 | L14: тыс. руб.
D15: оборудования _______________________________________________________________________________________________ | J15: _______________________________________________________________________________________________30,609 | L15: тыс. руб.
D16: Средства на оплату труда _______________________________________________________________________________________________ | J16: ___________________________6,593 | L16: тыс. руб.
D17: Сметная трудоемкость _______________________________________________________________________________________________ | J17: _______________________________________________________________________________________________474,93 | L17: чел.час
D18: Материалы ___________________________________________________________ | J18: 9.992 | L18: тыс.руб.
D19: Составлен(а) в базовых ценах 2001г. в редакции 2009г.
A22: № пп | B22: Обоснова-ние | C22: Наименование | D22: Ед. изм. | E22: Кол. | F22: Стоимость единицы, руб. | J22: Общая стоимость, руб. | O22: Т/з осн. раб.на ед. | P22: Т/з осн. раб. Всего | Q22: Общая масса обору-дования, т
F23: Всего | G23: В том числе | J23: Обору-дование | K23: Всего | L23: В том числе
G24: Осн.З/п | H24: Эк.Маш | I24: З/пМех | L24: Осн.З/п | M24: Эк.Маш | N24: З/пМех
A25: 1 | B25: 2 | C25: 3 | D25: 4 | E25: 5 | F25: 6 | G25: 7 | H25: 8 | I25: 9 | J25: 10 | K25: 11 | L25: 12 | M25: 13 | N25: 14 | O25: 15 | P25: 16 | Q25: 17
A26: Раздел 1. Сплит-кондиционеры.
A27: Помещение №2
A28: 1 | B28: ТЕР20-06-002-01 прим. | C28: Установка наружного блока сплит-системы Panaconik CS/CU-E7MKD | D28: 1 блок | E28: 1 | F28: 965.62 | G28: 565.61 | H28: 115.2 | I28: 4 | K28: 966 | L28: 566 | M28: 115 | N28: 4 | O28: 43.71 | P28: 43.71
A29: 2 | B29: ТЕР20-06-004-01 прим. | C29: Установка внутреннего блока сплит-системы Panaconik CS/CU-E7MKD | D29: 1 блок | E29: 1 | F29: 876.98 | G29: 172.22 | H29: 40.4 | I29: 2.18 | K29: 877 | L29: 172 | M29: 40 | N29: 2 | O29: 12.71 | P29: 12.71
A30: 3 | B30: Цена поставщика. | C30: Сплит-системы Panaconik CS/CU-E7MKD | D30: шт | E30: 1 | F30: 26747,23/1,18/4,19*1,012*1,01*1,03 | J30: 5695 | K30: 5695
A31: 4 | B31: ТЕРм12-01-105-01 | C31: Трубопровод из медных труб | D31: 100 м | E31: 0.05 | F31: 1654.94 | G31: 1196.47 | H31: 359.37 | I31: 25.11 | K31: 83 | L31: 60 | M31: 18 | N31: 1 | O31: 88.3 | P31: 4.42
A32: 5 | B32: ФССЦ-507-2958 | C32: Трубы медные КОЭФ. К ПОЗИЦИИ: Проведение расценок ФЕР к территориальному уровню (Письмо УРЦЦС Ц-297 от 12.04.2011) ОЗП=1,41; ЭМ=1,242; ЗПМ=1,41; МАТ=1,052 | D32: м | E32: 5 | F32: 25.53 | K32: 128
A33: 6 | B33: ТЕРм12-01-163-01 | C33: Прокладка трубки дренажной | D33: 10 м | E33: 0.5 | F33: 180.8 | G33: 147.7 | H33: 25.75 | I33: 0.18 | K33: 90 | L33: 74 | M33: 13 | O33: 10.9 | P33: 5.45
A34: 7 | B34: ФССЦ-301-1348 прим. | C34: Трубки дренажные для систем кондиционирования КОЭФ. К ПОЗИЦИИ: Проведение расценок ФЕР к территориальному уровню (Письмо УРЦЦС Ц-297 от 12.04.2011) ОЗП=1,41; ЭМ=1,242; ЗПМ=1,41; МАТ=1,052 | D34: м | E34: 5 | F34: 7.5 | K34: 38
A35: 8 | B35: ТЕР26-01-017-01 | C35: Изоляция трубопроводов изделиями из вспененного полиэтилена («Термофлекс») трубками | D35: 10 м | E35: 0.5 | F35: 1189.41 | G35: 49.17 | H35: 28.25 | K35: 595 | L35: 25 | M35: 14 | O35: 3.52 | P35: 1.76
A36: 9 | B36: ФССЦ-111-0079 | C36: Узел крепления кронштейна окрашенный КОЭФ. К ПОЗИЦИИ: Проведение расценок ФЕР к территориальному уровню (Письмо УРЦЦС Ц-297 от 12.04.2011) ОЗП=1,41; ЭМ=1,242; ЗПМ=1,41; МАТ=1,052 | D36: шт. | E36: 1 | F36: 135.49 | K36: 135
A37: 10 | B37: ТЕР12-01-010-01 | C37: Устройство защитного козырька из листовой оцинкованной стали над внешним блоком | D37: 100 м2 | E37: 0.005 | F37: 15322.3 | G37: 1354.13 | H37: 58.83 | I37: 3.64 | K37: 77 | L37: 7 | O37: 112.75 | P37: 0.56
A38: 11 | B38: ТСЦ-103-0057 | C38: Трубы стальные водогазопроводные диаметр условного прохода 90 мм, (Для гильзы) | D38: м | E38: 1 | F38: 112.99 | K38: 113
A39: 12 | B39: ТЕР46-03-009-08 | C39: Пробивка в кирпичных стенах отверстий круглых диаметром до 50 мм при толщине стен до 51 см | D39: 100 шт. | E39: 0.01 | F39: 5264.08 | G39: 1256.86 | H39: 4007.22 | I39: 443.92 | K39: 53 | L39: 13 | M39: 40 | N39: 4 | O39: 97.13 | P39: 0.97
A40: 13 | B40: ТЕРр69-4-1 | C40: Заделка отверстий в местах прохода трубопроводов в стенах и перегородках оштукатуренных | D40: 100 отверстий | E40: 0.01 | F40: 1343.1 | G40: 944.71 | H40: 2.02 | I40: 0.78 | K40: 13 | L40: 9 | O40: 78.66 | P40: 0.79
A41: Помещение №3,5,6
A42: 14 | B42: ТЕР20-06-002-01 прим. | C42: Установка наружного блока сплит-системы Panaconik CS/CU-E9MKD | D42: 1 блок | E42: 3 | F42: 965.62 | G42: 565.61 | H42: 115.2 | I42: 4 | K42: 2897 | L42: 1697 | M42: 346 | N42: 12 | O42: 43.71 | P42: 131.13
A43: 15 | B43: ТЕР20-06-004-01 прим. | C43: Установка внутреннего блока сплит-системы Panaconik CS/CU-E9MKD | D43: 1 блок | E43: 3 | F43: 876.98 | G43: 172.22 | H43: 40.4 | I43: 2.18 | K43: 2631 | L43: 517 | M43: 121 | N43: 7 | O43: 12.71 | P43: 38.13
A44: 16 | B44: Цена поставщика. | C44: Сплит-системы Panaconik CS/CU-E9MKD | D44: шт | E44: 3 | F44: 28311,27/1,18/4,19*1,012*1,01*1,03 | J44: 18085 | K44: 18085
A45: 17 | B45: ТЕРм12-01-105-01 | C45: Трубопровод из медных труб | D45: 100 м | E45: 0.15 | F45: 1654.94 | G45: 1196.47 | H45: 359.37 | I45: 25.11 | K45: 248 | L45: 179 | M45: 54 | N45: 4 | O45: 88.3 | P45: 13.25
A46: 18 | B46: ФССЦ-507-2958 | C46: Трубы медные КОЭФ. К ПОЗИЦИИ: Проведение расценок ФЕР к территориальному уровню (Письмо УРЦЦС Ц-297 от 12.04.2011) ОЗП=1,41; ЭМ=1,242; ЗПМ=1,41; МАТ=1,052 | D46: м | E46: 15 | F46: 25.53 | K46: 383
A47: 19 | B47: ТЕРм12-01-163-01 | C47: Прокладка трубки дренажной | D47: 10 м | E47: 1.5 | F47: 180.8 | G47: 147.7 | H47: 25.75 | I47: 0.18 | K47: 271 | L47: 222 | M47: 39 | O47: 10.9 | P47: 16.35
A48: 20 | B48: ФССЦ-301-1348 прим. | C48: Трубки дренажные для систем кондиционирования КОЭФ. К ПОЗИЦИИ: Проведение расценок ФЕР к территориальному уровню (Письмо УРЦЦС Ц-297 от 12.04.2011) ОЗП=1,41; ЭМ=1,242; ЗПМ=1,41; МАТ=1,052 | D48: м | E48: 15 | F48: 7.5 | K48: 113
A49: 21 | B49: ТЕР26-01-017-01 | C49: Изоляция трубопроводов изделиями из вспененного полиэтилена («Термофлекс») трубками | D49: 10 м | E49: 1.5 | F49: 1189.41 | G49: 49.17 | H49: 28.25 | K49: 1784 | L49: 74 | M49: 42 | O49: 3.52 | P49: 5.28
A50: 22 | B50: ФССЦ-111-0079 | C50: Узел крепления кронштейна окрашенный КОЭФ. К ПОЗИЦИИ: Проведение расценок ФЕР к территориальному уровню (Письмо УРЦЦС Ц-297 от 12.04.2011) ОЗП=1,41; ЭМ=1,242; ЗПМ=1,41; МАТ=1,052 | D50: шт. | E50: 3 | F50: 135.49 | K50: 406
A51: 23 | B51: ТЕР12-01-010-01 | C51: Устройство защитного козырька из листовой оцинкованной стали над внешним блоком | D51: 100 м2 | E51: 0.014 | F51: 15322.3 | G51: 1354.13 | H51: 58.83 | I51: 3.64 | K51: 215 | L51: 19 | M51: 1 | O51: 112.75 | P51: 1.58
A52: 24 | B52: ТСЦ-103-0057 | C52: Трубы стальные водогазопроводные диаметр условного прохода 90 мм, (Для гильзы) | D52: м | E52: 3 | F52: 112.99 | K52: 339
A53: 25 | B53: ТЕР46-03-009-08 | C53: Пробивка в кирпичных стенах отверстий круглых диаметром до 50 мм при толщине стен до 51 см | D53: 100 шт. | E53: 0.03 | F53: 5264.08 | G53: 1256.86 | H53: 4007.22 | I53: 443.92 | K53: 158 | L53: 38 | M53: 120 | N53: 13 | O53: 97.13 | P53: 2.91
A54: 26 | B54: ТЕРр69-4-1 | C54: Заделка отверстий в местах прохода трубопроводов в стенах и перегородках оштукатуренных | D54: 100 отверстий | E54: 0.03 | F54: 1343.1 | G54: 944.71 | H54: 2.02 | I54: 0.78 | K54: 40 | L54: 28 | O54: 78.66 | P54: 2.36
A55: Помещение №1
A56: 27 | B56: ТЕР20-06-002-01 прим. | C56: Установка наружного блока сплит-системы Panaconik CS/CU-E12MKD | D56: 1 блок | E56: 1 | F56: 965.62 | G56: 565.61 | H56: 115.2 | I56: 4 | K56: 966 | L56: 566 | M56: 115 | N56: 4 | O56: 43.71 | P56: 43.71
A57: 28 | B57: ТЕР20-06-004-01 прим. | C57: Установка внутреннего блока сплит-системы Panaconik CS/CU-E12MKD | D57: 1 блок | E57: 1 | F57: 876.98 | G57: 172.22 | H57: 40.4 | I57: 2.18 | K57: 877 | L57: 172 | M57: 40 | N57: 2 | O57: 12.71 | P57: 12.71
A58: 29 | B58: Цена поставщика. | C58: Сплит-системы Panaconik CS/CU-E12MKD | D58: шт | E58: 1 | F58: 32071,43/1,18/4,19*1,012*1,01*1,03 | J58: 6829 | K58: 6829
A59: 30 | B59: ТЕРм12-01-105-01 | C59: Трубопровод из медных труб | D59: 100 м | E59: 0.05 | F59: 1654.94 | G59: 1196.47 | H59: 359.37 | I59: 25.11 | K59: 83 | L59: 60 | M59: 18 | N59: 1 | O59: 88.3 | P59: 4.42
A60: 31 | B60: ФССЦ-507-2958 | C60: Трубы медные КОЭФ. К ПОЗИЦИИ: Проведение расценок ФЕР к территориальному уровню (Письмо УРЦЦС Ц-297 от 12.04.2011) ОЗП=1,41; ЭМ=1,242; ЗПМ=1,41; МАТ=1,052 | D60: м | E60: 5 | F60: 25.53 | K60: 128
A61: 32 | B61: ТЕРм12-01-163-01 | C61: Прокладка трубки дренажной | D61: 10 м | E61: 0.5 | F61: 180.8 | G61: 147.7 | H61: 25.75 | I61: 0.18 | K61: 90 | L61: 74 | M61: 13 | O61: 10.9 | P61: 5.45
A62: 33 | B62: ФССЦ-301-1348 прим. | C62: Трубки дренажные для систем кондиционирования КОЭФ. К ПОЗИЦИИ: Проведение расценок ФЕР к территориальному уровню (Письмо УРЦЦС Ц-297 от 12.04.2011) ОЗП=1,41; ЭМ=1,242; ЗПМ=1,41; МАТ=1,052 | D62: м | E62: 5 | F62: 7.5 | K62: 38
A63: 34 | B63: ТЕР26-01-017-01 | C63: Изоляция трубопроводов изделиями из вспененного полиэтилена («Термофлекс») трубками | D63: 10 м | E63: 0.5 | F63: 1189.41 | G63: 49.17 | H63: 28.25 | K63: 595 | L63: 25 | M63: 14 | O63: 3.52 | P63: 1.76
A64: 35 | B64: ФССЦ-111-0079 | C64: Узел крепления кронштейна окрашенный КОЭФ. К ПОЗИЦИИ: Проведение расценок ФЕР к территориальному уровню (Письмо УРЦЦС Ц-297 от 12.04.2011) ОЗП=1,41; ЭМ=1,242; ЗПМ=1,41; МАТ=1,052 | D64: шт. | E64: 1 | F64: 135.49 | K64: 135
A65: 36 | B65: ТЕР12-01-010-01 | C65: Устройство защитного козырька из листовой оцинкованной стали над внешним блоком | D65: 100 м2 | E65: 0.005 | F65: 15322.3 | G65: 1354.13 | H65: 58.83 | I65: 3.64 | K65: 77 | L65: 7 | O65: 112.75 | P65: 0.56
A66: 37 | B66: ТСЦ-103-0057 | C66: Трубы стальные водогазопроводные диаметр условного прохода 90 мм, (Для гильзы) | D66: м | E66: 1 | F66: 112.99 | K66: 113
A67: 38 | B67: ТЕР46-03-009-08 | C67: Пробивка в кирпичных стенах отверстий круглых диаметром до 50 мм при толщине стен до 51 см | D67: 100 шт. | E67: 0.01 | F67: 5264.08 | G67: 1256.86 | H67: 4007.22 | I67: 443.92 | K67: 53 | L67: 13 | M67: 40 | N67: 4 | O67: 97.13 | P67: 0.97
A68: 39 | B68: ТЕРр69-4-1 | C68: Заделка отверстий в местах прохода трубопроводов в стенах и перегородках оштукатуренных | D68: 100 отверстий | E68: 0.01 | F68: 1343.1 | G68: 944.71 | H68: 2.02 | I68: 0.78 | K68: 13 | L68: 9 | O68: 78.66 | P68: 0.79
A69: Итого прямые затраты по смете в ценах 2001г. | K69: 46430 | L69: 4626 | M69: 1203 | N69: 58 | P69: 351.73
A70: Итого прямые затраты по смете с учетом коэффициентов к итогам | K70: 48815 | L70: 6512 | M70: 1702 | N70: 81 | P70: 474.93
A71: В том числе, справочно:
A72: Районный к-т 4,3% (Поз. 1-2, 11, 14-15, 24, 27-28, 37, 5, 9, 13, 18, 22, 26, 31, 35, 39, 8, 21, 34, 10, 23, 36, 12, 25, 38, 4, 6, 17, 19, 30, 32) | K72: 201 | L72: 199 | M72: 2 | N72: 2
A73: При ремонте и реконструкции зданий и сооружений работы, аналогичные технологическим процессам в новом строительстве ОЗП=1,15; ЭМ=1,25; ЗПМ=1,25; ТЗ=1,15; ТЗМ=1,25 (Поз. 1-2, 11, 14-15, 24, 27-28, 37, 8, 21, 34, 10, 23, 36) | K73: 814 | L73: 602 | M73: 212 | N73: 8 | P73: 44.04
A74: Условия производства работ ОЗП=1,2; ЭМ=1,2; ЗПМ=1,2; ТЗ=1,2; ТЗМ=1,2 (Поз. 1-2, 11, 14-15, 24, 27-28, 37, 5, 9, 13, 18, 22, 26, 31, 35, 39, 8, 21, 34, 10, 23, 36, 12, 25, 38, 4, 6, 17, 19, 30, 32) | K74: 1370 | L74: 1085 | M74: 284 | N74: 14 | P74: 79.156
A75: Накладные расходы | K75: 7932
A76: В том числе, справочно:
A77: 78% ФОТ (от 58) (Поз. 5, 9, 13, 18, 22, 26, 31, 35, 39) | K77: 45
A78: 80% ФОТ (от 845) (Поз. 4, 6, 17, 19, 30, 32) | K78: 676
A79: 100% ФОТ (от 178) (Поз. 8, 21, 34) | K79: 178
A80: 110% ФОТ (от 106) (Поз. 12, 25, 38) | K80: 117
A81: 120% ФОТ (от 47) (Поз. 10, 23, 36) | K81: 56
A82: 128% ФОТ (от 5359) (Поз. 1-2, 11, 14-15, 24, 27-28, 37) | K82: 6860
A83: Сметная прибыль | K83: 5214
A84: В том числе, справочно:
A85: 50% ФОТ (от 58) (Поз. 5, 9, 13, 18, 22, 26, 31, 35, 39) | K85: 29
A86: 60% ФОТ (от 845) (Поз. 4, 6, 17, 19, 30, 32) | K86: 507
A87: 65% ФОТ (от 47) (Поз. 10, 23, 36) | K87: 31
A88: 70% ФОТ (от 284) (Поз. 8, 21, 34, 12, 25, 38) | K88: 199
A89: 83% ФОТ (от 5359) (Поз. 1-2, 11, 14-15, 24, 27-28, 37) | K89: 4448
A90: Итоги по смете:
A91: Итого Строительные работы | K91: 29104 | P91: 415.72
A92: Итого Монтажные работы | K92: 2248 | P92: 59.21
A93: Итого Оборудование | K93: 30609
A94: Итого | K94: 61961 | P94: 474.93
A95: В том числе:
A96: Материалы | K96: 9992
A97: Машины и механизмы | K97: =1702-N70 -> 1621
A98: ФОТ | K98: 6593
A99: Оборудование | K99: 30609
A100: Накладные расходы | K100: 7932
A101: Сметная прибыль | K101: 5214
A102: ВСЕГО по смете | K102: 61961 | P102: 474.93

Sheet 25031
A1: СОГЛАСОВАНО: | E1: ФГУП "Комбинат "Электрохимприбор" | M1: УТВЕРЖДАЮ:
G2: (наименование стройки) | M2: Зам.генерального директора
A3: _________________ | N3: Е.В. Гордеев
A4: " _____ " ________________ 2013 г. | M4: __________________
G5: ЛОКАЛЬНЫЙ СМЕТНЫЙ РАСЧЕТ № 25031 | M5: "______ " __________2013 г.
G6: (локальная смета)
C8: на | D8: Реконструкцию помещений для отдела 042. Город, ул.Островского, 2 (Инв.№ 8811031)
D9: Раздел: архитектурно-строительный
D10: (наименование работ и затрат, наименование объекта)
D12: Основание: проект № 24671-13-АС
D13: Сметная стоимость _______________________________________________________________________________________________ | J13: ___________________________786,593 | L13: тыс. руб.
D14: строительных работ _______________________________________________________________________________________________ | J14: _______________________________________________________________________________________________786,315 | L14: тыс. руб.
D15: монтажных работ _______________________________________________________________________________________________ | J15: _______________________________________________________________________________________________0,278 | L15: тыс. руб.
D16: Средства на оплату труда _______________________________________________________________________________________________ | J16: ___________________________86,985 | L16: тыс. руб.
D17: Сметная трудоемкость _______________________________________________________________________________________________ | J17: _______________________________________________________________________________________________6377,47 | L17: чел.час
D18: Материалы _________________________________________________________ | K18: 516,203 тыс.руб.
D19: Составлен(а) в базовых ценах 2001г. в редакции 2009г.
A21: № пп | B21: Обоснование | C21: Наименование | D21: Ед. изм. | E21: Кол. | F21: Стоимость единицы, руб. | J21: Общая стоимость, руб. | N21: Т/з осн. раб.на ед. | O21: Т/з осн. раб. Всего | P21: Т/з мех. на ед. | Q21: Т/з мех. Всего
F22: Всего | G22: В том числе | J22: Всего | K22: В том числе
G23: Осн.З/п | H23: Эк.Маш | I23: З/пМех | K23: Осн.З/п | L23: Эк.Маш | M23: З/пМех
A24: 1 | B24: 2 | C24: 3 | D24: 4 | E24: 5 | F24: 6 | G24: 7 | H24: 8 | I24: 9 | J24: 10 | K24: 11 | L24: 12 | M24: 13 | N24: 14 | O24: 15 | P24: 16 | Q24: 17
A25: Раздел 1. Разборка конструкций
A26: 1 | B26: ТЕР09-06-001-02 | C26: Разборка решеток КОЭФ. К ПОЗИЦИИ: Разборка (демонтаж) металлических конструкций ОЗП=0,7; ЭМ=0,7 к расх.; ЗПМ=0,7; МАТ=0 к расх.; ТЗ=0,7; ТЗМ=0,7 | D26: 1 т | E26: 1.64 | F26: 533.68 | G26: 426.99 | H26: 106.69 | I26: 1.53 | J26: 875 | K26: 700 | L26: 175 | M26: 3 | N26: 35.55 | O26: 58.3 | P26: 0.08 | Q26: 0.13
A27: 2 | B27: ТЕР46-04-012-01 | C27: Разборка деревянных заполнений проемов оконных с подоконными досками | D27: 100 м2 | E27: 0.637 | F27: 2461.28 | G27: 2149.36 | H27: 311.92 | I27: 120.9 | J27: 1568 | K27: 1369 | L27: 199 | M27: 77 | N27: 188.54 | O27: 120.1 | P27: 7.74 | Q27: 4.93
A28: 3 | B28: ТЕРр58-3-1 | C28: Разборка мелких покрытий и обделок из листовой стали отливов, свесов и т.п. | D28: 100 м | E28: 0.35 | F28: 100.24 | G28: 100.01 | H28: 0.23 | J28: 35 | K28: 35 | N28: 9.1 | O28: 3.19
A29: 4 | B29: ТЕР46-04-012-03 | C29: Разборка деревянных заполнений проемов дверных | D29: 100 м2 | E29: 0.26 | F29: 1496.49 | G29: 1184.57 | H29: 311.92 | I29: 120.9 | J29: 389 | K29: 308 | L29: 81 | M29: 31 | N29: 103.91 | O29: 27.02 | P29: 7.74 | Q29: 2.01
A30: 5 | B30: ТЕР46-04-001-04 | C30: Разборка кирпичной перегородки | D30: 1 м3 | E30: 2.1 | F30: 296.8 | G30: 102.84 | H30: 193.96 | I30: 17.96 | J30: 623 | K30: 216 | L30: 407 | M30: 38 | N30: 8.24 | O30: 17.3 | P30: 1.15 | Q30: 2.42
A31: 6 | B31: ТЕР46-03-007-03 | C31: Пробивка отверстий в конструкциях из кирпича КОЭФ. К ПОЗИЦИИ: При работах на высоте от опорной площадки более 1,5 м ОЗП=1,2; ЭМ=1,2 к расх.; ЗПМ=1,2; ТЗ=1,2; ТЗМ=1,2 | D31: 1 м3 | E31: 0.01 | F31: 700.5 | G31: 186.42 | H31: 514.08 | I31: 47.6 | J31: 7 | K31: 2 | L31: 5 | N31: 14.76 | O31: 0.15 | P31: 3.05 | Q31: 0.03
A32: 7 | B32: ТЕР09-04-010-02 прим. | C32: Разборка остекленной перегородки КОЭФ. К ПОЗИЦИИ: Разборка ОЗП=0,7; ЭМ=0,7 к расх.; ЗПМ=0,7; МАТ=0 к расх.; ТЗ=0,7; ТЗМ=0,7 | D32: 1 т | E32: 0.21 | F32: 4412.71 | G32: 3996.03 | H32: 416.68 | I32: 1.53 | J32: 927 | K32: 839 | L32: 88 | N32: 294.91 | O32: 61.93 | P32: 0.08 | Q32: 0.02
A33: 8 | B33: ТЕРр57-3-1 | C33: Разборка плинтусов деревянных | D33: 100 м | E33: 2.072 | F33: 41.43 | G33: 41.43 | J33: 86 | K33: 86 | N33: 3.77 | O33: 7.81
A34: 9 | B34: ТЕРр57-2-2 | C34: Разборка покрытий полов из плиток поливинилхлоридных | D34: 100 м2 | E34: 0.35 | F34: 395.28 | G34: 390.04 | H34: 5.24 | I34: 2.03 | J34: 138 | K34: 137 | L34: 1 | M34: 1 | N34: 35.49 | O34: 12.42 | P34: 0.13 | Q34: 0.05
A35: 10 | B35: ТЕРр57-2-1 | C35: Разборка покрытий полов из линолеума | D35: 100 м2 | E35: 1.586 | F35: 130.42 | G35: 125.18 | H35: 5.24 | I35: 2.03 | J35: 207 | K35: 199 | L35: 8 | M35: 3 | N35: 11.39 | O35: 18.06 | P35: 0.13 | Q35: 0.21
A36: 11 | B36: ТЕРр57-2-7 | C36: Разборка покрытий полов из древесноволокнистых плит | D36: 100 м2 | E36: 0.625 | F36: 126.72 | G36: 121.88 | H36: 4.84 | I36: 1.87 | J36: 79 | K36: 76 | L36: 3 | M36: 1 | N36: 11.09 | O36: 6.93 | P36: 0.12 | Q36: 0.08
A37: 12 | B37: ТЕРр57-2-4 | C37: Разборка цементно-песчаной стяжки | D37: 100 м2 | E37: 1.936 | F37: 4262.51 | G37: 1335.51 | H37: 2927 | I37: 288.33 | J37: 8252 | K37: 2586 | L37: 5666 | M37: 558 | N37: 111.2 | O37: 215.28 | P37: 21 | Q37: 40.66
A38: 13 | B38: ТЕР46-04-007-06 прим. | C38: Разборка облицовки из плит АГШ стен и потолков | D38: 100 м2 | E38: 0.679 | F38: 902.47 | G38: 813.81 | H38: 88.66 | I38: 34.36 | J38: 613 | K38: 553 | L38: 60 | M38: 23 | N38: 66.87 | O38: 45.4 | P38: 2.2 | Q38: 1.49
A39: 14 | B39: ТЕР10-01-012-03 | C39: Разборка обшивки из плит древесностружечных стен КОЭФ. К ПОЗИЦИИ: Разборка ОЗП=0,8; ЭМ=0,8 к расх.; ЗПМ=0,8; МАТ=0 к расх.; ТЗ=0,8; ТЗМ=0,8 | D39: 100 м2 | E39: 0.177 | F39: 785.88 | G39: 742.16 | H39: 43.72 | J39: 139 | K39: 131 | L39: 8 | N39: 60.24 | O39: 10.66
A40: 15 | B40: ТЕРр61-25-1 прим. | C40: Очистка поверхности стен от отделочного покрытия "Левкас" | D40: 100 м2 | E40: 1.206 | F40: 1206.01 | G40: 228.76 | H40: 963.08 | I40: 124.12 | J40: 1454 | K40: 276 | L40: 1161 | M40: 150 | N40: 18.33 | O40: 22.11 | P40: 9.16 | Q40: 11.05
A41: 16 | B41: ТЕРр65-30-2 | C41: Разборка воздуховодов из листовой стали толщиной до 0,9 мм периметром до 1000 мм | D41: 100 м2 | E41: 0.075 | F41: 509.43 | G41: 479.2 | H41: 30.23 | I41: 11.72 | J41: 38 | K41: 36 | L41: 2 | M41: 1 | N41: 39.9 | O41: 2.99 | P41: 0.75 | Q41: 0.06
A42: 17 | B42: ТЕРр67-2-10 | C42: Демонтаж стальных труб, проложенных в борозде пола диаметром до 80 мм | D42: 100 м труб | E42: 0.14 | F42: 767.48 | G42: 749.53 | H42: 11.1 | I42: 3.59 | J42: 107 | K42: 105 | L42: 2 | M42: 1 | N42: 65.12 | O42: 9.12 | P42: 0.23 | Q42: 0.03
A43: 18 | B43: ТЕР09-06-001-02 | C43: Разборка металлических конструкций щита выхода на крышу КОЭФ. К ПОЗИЦИИ: Разборка (демонтаж) металлических конструкций ОЗП=0,7; ЭМ=0,7 к расх.; ЗПМ=0,7; МАТ=0 к расх.; ТЗ=0,7; ТЗМ=0,7 | D43: 1 т | E43: 0.021 | F43: 533.68 | G43: 426.99 | H43: 106.69 | I43: 1.53 | J43: 11 | K43: 9 | L43: 2 | N43: 35.55 | O43: 0.75 | P43: 0.08
A44: 19 | B44: СЦП1-1-27-А | C44: Погрузочные работы при автомобильных перевозках: мусор строительный КОЭФ. К ПОЗИЦИИ: Коэффициент техн.часть п.3 ПЗ=1,025 (ОЗП=1,025; ЭМ=1,025 к расх.; ЗПМ=1,025; МАТ=1,025 к расх.; ТЗ=1,025; ТЗМ=1,025) | D44: т | E44: 102.4 | F44: 2.77 | G44: 2.77 | J44: 284 | K44: 284
A45: 20 | B45: СЦП3-3-40-1 | C45: Перевозка грузов (мусора) автомобилями-самосвалами (работающими вне карьеров): расстояние 40 км, класс груза I КОЭФ. К ПОЗИЦИИ: 17 При перевозке грузов к провозной плате (тарифам) применять поправочный коэффициент ПЗ=1,37 (ОЗП=1,37; ЭМ=1,37 к расх.; ЗПМ=1,37; МАТ=1,37 к расх.; ТЗ=1,37; ТЗМ=1,37) | D45: т | E45: 102.4 | F45: 52.85 | H45: 52.85 | J45: 5412 | L45: 5412
A46: Раздел 2. Общестроительные работы
A47: Стены, перегородки
A48: 21 | B48: ТЕРр69-2-1 | C48: Сверление отверстий в кирпичных стенах электроперфоратором диаметром до 20 мм, толщина стен 0,5 кирпича | D48: 100 отверстий | E48: 3.03 | F48: 83.02 | G48: 65.93 | H48: 17.09 | J48: 252 | K48: 200 | L48: 52 | N48: 5.49 | O48: 16.63
A49: 22 | B49: ТЕР07-01-044-01 прим. | C49: Установка ершей в готовые гнезда с заделкой для крепления пристраиваемых перегородок к существующим | D49: 1 т | E49: 0.036 | F49: 3906.63 | G49: 2444.6 | H49: 572.31 | J49: 141 | K49: 88 | L49: 21 | N49: 170 | O49: 6.12
A50: 23 | B50: ТСЦ-204-0020 | C50: Горячекатаная арматурная сталь периодического профиля класса А-III, диаметром 8 мм | D50: т | E50: 0.036 | F50: 5156.3 | J50: 186
A51: 24 | B51: ТЕРр53-25-1 | C51: Устройство металлических перемычек в стенах существующих зданий | D51: 1 т | E51: 0.101 | F51: 15207.66 | G51: 2018.76 | H51: 98 | I51: 6.37 | J51: 1536 | K51: 204 | L51: 10 | M51: 1 | N51: 165.88 | O51: 16.75 | P51: 0.47 | Q51: 0.05
A52: 25 | B52: ТЕР13-03-002-04 | C52: Огрунтовка металлических поверхностей за один раз грунтовкой ГФ-021 | D52: 100 м2 | E52: 0.036 | F52: 417.46 | G52: 79.65 | H52: 10.15 | I52: 0.16 | J52: 15 | K52: 3 | N52: 5.31 | O52: 0.19 | P52: 0.01
A53: 26 | B53: ТЕР13-03-004-23 | C53: Окраска металлических огрунтованных поверхностей краской БТ-177 | D53: 100 м2 | E53: 0.036 | F53: 388.79 | G53: 36.81 | H53: 13.3 | I53: 0.16 | J53: 14 | K53: 1 | N53: 2.88 | O53: 0.1 | P53: 0.01
A54: 27 | B54: ТЕРр61-28-04 | C54: Устройство основания под штукатурку из металлической сетки. Обертывание балок сеткой | D54: 100 м2 | E54: 0.035 | F54: 3572.25 | G54: 287.94 | H54: 6.51 | I54: 1.25 | J54: 125 | K54: 10 | N54: 26.2 | O54: 0.92 | P54: 0.08
A55: 28 | B55: ТЕР46-03-007-03 | C55: Пробивка проемов в конструкциях из кирпича КОЭФ. К ПОЗИЦИИ: При работах на высоте от опорной площадки более 1,5 м ОЗП=1,2; ЭМ=1,2 к расх.; ЗПМ=1,2; ТЗ=1,2; ТЗМ=1,2 | D55: 1 м3 | E55: 1.4 | F55: 700.5 | G55: 186.42 | H55: 514.08 | I55: 47.6 | J55: 981 | K55: 261 | L55: 720 | M55: 67 | N55: 14.76 | O55: 20.66 | P55: 3.05 | Q55: 4.27
A56: 29 | B56: ТЕРр53-20-4 | C56: Кладка отдельных участков из кирпича внутренних стен | D56: 100 м3 | E56: 0.023 | F56: 73520.24 | G56: 7912.7 | H56: 9982.44 | I56: 709.8 | J56: 1691 | K56: 182 | L56: 230 | M56: 16 | N56: 670 | O56: 15.41 | P56: 39 | Q56: 0.9
A57: 30 | B57: ТЕР08-02-002-03 | C57: Кладка перегородок из кирпича армированных толщиной в 1/2 кирпича при высоте этажа до 4 м | D57: 100 м2 | E57: 0.712 | F57: 10332.14 | G57: 2043.74 | H57: 1064 | I57: 74.8 | J57: 7356 | K57: 1455 | L57: 758 | M57: 53 | N57: 170.17 | O57: 121.16 | P57: 4.11 | Q57: 2.93
A58: 31 | B58: ТЕР07-01-021-01 | C58: Укладка перемычек при наибольшей массе монтажных элементов в здании до 5 т, масса перемычки до 0,7 т | D58: 100 шт. | E58: 0.04 | F58: 10506.63 | G58: 1191.96 | H58: 9173.61 | I58: 652.29 | J58: 420 | K58: 48 | L58: 367 | M58: 26 | N58: 96.75 | O58: 3.87 | P58: 35.84 | Q58: 1.43
A59: 32 | B59: ТСЦ-403-0446 | C59: Перемычка брусковая 1ПБ13-1 /бетон В15 (М200), объем 0,010 м3, расход ар-ры 0,41 кг / (серия 1.038.1-1 вып. 1) | D59: шт. | E59: 4 | F59: 26.44 | J59: 106
A60: 33 | B60: ТЕР10-01-015-02 прим. | C60: Устройство барьеров | D60: 100 м2 | E60: 0.043 | F60: 5863.03 | G60: 821.98 | H60: 514.43 | J60: 252 | K60: 35 | L60: 22 | N60: 69.6 | O60: 2.99
A61: 34 | B61: ФССЦ-101-1863 | C61: Плиты древесностружечные с одной декоративной стороной, с печатным рисунком толщиной 19 мм КОЭФ. К ПОЗИЦИИ: Приведение расценок ФЕР к территориальному уровню (Письмо УРЦЦС Ц-297 от 12.04.2011) ОЗП=1,41; ЭМ=1,242; ЗПМ=1,41; МАТ=1,052 | D61: м2 | E61: 9.8 | F61: 102.15 | J61: 1001
A62: 35 | B62: ТСЦ-101-2000 | C62: Приборы дверные для барьеров | D62: компл. | E62: 1 | F62: 69.16 | J62: 69
A63: Проемы
A64: 36 | B64: ТЕР10-01-039-01 | C64: Установка блоков в наружных и внутренних дверных проемах в каменных стенах, площадь проема до 3 м2 | D64: 100 м2 | E64: 0.019 | F64: 6606.92 | G64: 1349.38 | H64: 2984.53 | I64: 206.57 | J64: 126 | K64: 26 | L64: 57 | M64: 4 | N64: 104.28 | O64: 1.98 | P64: 11.35 | Q64: 0.22
A65: 37 | B65: ТЕР10-01-039-03 | C65: Установка блоков в наружных и внутренних дверных проемах в перегородках, площадь проема до 3 м2 | D65: 100 м2 | E65: 0.223 | F65: 3108.01 | G65: 1452.45 | H65: 425.76 | J65: 693 | K65: 324 | L65: 95 | N65: 115 | O65: 25.65
A66: 38 | B66: Цена поставщика | C66: Дверное полотно, деревянный массив, тип РИВЬЕРА ДГ 21-7. Цена: 7900,20руб:1,18:5,56х1,02 | D66: шт. | E66: 1 | F66: 1228.24 | J66: 1228
A67: 39 | B67: Цена поставщика | C67: Дверное полотно, деревянный массив, тип РИВЬЕРА ДГ 21-9. Цена: 8295,21руб:1,18:5,56х1,02 | D67: шт. | E67: 12 | F67: 1289.65 | J67: 15476
A68: 40 | B68: Цена поставщика | C68: Стойка коробки. Цена: 591руб:1,18:5,56х1,02 | D68: шт. | E68: 33 | F68: 91.88 | J68: 3032
A69: 41 | B69: Цена поставщика | C69: Наличник. Цена: 389руб:1,18:5,56х1,02 | D69: шт. | E69: 53 | F69: 60.48 | J69: 3205
A70: 42 | B70: Цена поставщика | C70: Ручка ARCHIE. Цена: 1009руб:1,18:5,56х1,02 | D70: шт. | E70: 13 | F70: 156.87 | J70: 2039
A71: 43 | B71: ТСЦ-101-1999 | C71: Приборы дверные в перегородках санузлов | D71: компл. | E71: 1 | F71: 76.65 | J71: 77
A72: 44 | B72: ТСЦ-101-0892 прим. | C72: Скобяные изделия при заполнении отдельными элементами дверей входных однопольных | D72: компл. | E72: 12 | F72: 174 | J72: 2088
A73: 45 | B73: ТЕР10-01-047-01 | C73: Установка блоков из ПВХ в наружных и внутренних дверных проемах в каменных стенах площадью проема до 3 м2 | D73: 100 м2 | E73: 0.06 | F73: 18063.9 | G73: 2508.48 | H73: 618.36 | I73: 16.4 | J73: 1084 | K73: 151 | L73: 37 | M73: 1 | N73: 201 | O73: 12.06 | P73: 1.05 | Q73: 0.06
A74: 46 | B74: ТСЦ-203-8051 прим. | C74: Блоки балконные дверные однопольные из поливинилхлоридных профилей БП В2 2500х1200 (ГОСТ 30674-99) | D74: шт. | E74: 2 | F74: 2305.17 | J74: 4610
A75: 47 | B75: ТЕР10-01-034-03 | C75: Установка оконных блоков из ПВХ профилей поворотных (откидных, поворотно-откидных) с площадью проема до 2 м2 одностворчатых | D75: 100 м2 | E75: 0.028 | F75: 17897.45 | G75: 2662.11 | H75: 664.65 | I75: 27.49 | J75: 501 | K75: 75 | L75: 19 | M75: 1 | N75: 216.08 | O75: 6.05 | P75: 1.76 | Q75: 0.05
A76: 48 | B76: ТСЦ-203-8012 прим. | C76: Блоки оконные из поливинилхлоридных профилей ОП В2 1800х650 (ГОСТ 30674-99) | D76: шт. | E76: 1 | F76: 910.89 | J76: 911
A77: 49 | B77: ТСЦ-203-8041 прим. | C77: Блоки оконные из поливинилхлоридных профилей ОП В2 1800х900 (ГОСТ 30674-99) | D77: шт. | E77: 1 | F77: 1244.62 | J77: 1245
A78: 50 | B78: ТЕР10-01-034-04 | C78: Установка оконных блоков из ПВХ профилей поворотных (откидных, поворотно-откидных) с площадью проема более 2 м2 одностворчатых | D78: 100 м2 проемов | E78: 0.346 | F78: 13025.26 | G78: 1987.59 | H78: 552.31 | I78: 10.31 | J78: 4507 | K78: 688 | L78: 191 | M78: 4 | N78: 161.33 | O78: 55.82 | P78: 0.66 | Q78: 0.23
A79: 51 | B79: ТСЦ-203-8023 прим. | C79: Блоки оконные из поливинилхлоридных профилей ОП В2 1800х1200 (ГОСТ 30674-99) | D79: шт. | E79: 16 | F79: 1660.91 | J79: 26575
A80: 52 | B80: ТЕР10-01-034-06 | C80: Установка оконных блоков из ПВХ профилей поворотных (откидных, поворотно-откидных) с площадью проема более 2 м2 двухстворчатых | D80: 100 м2 | E80: 0.259 | F80: 11246.07 | G80: 1795.27 | H80: 527.48 | I80: 10.31 | J80: 2913 | K80: 465 | L80: 137 | M80: 3 | N80: 145.72 | O80: 37.74 | P80: 0.66 | Q80: 0.17
A81: 53 | B81: ТСЦ-203-8031 прим. | C81: Блоки оконные из поливинилхлоридных профилей ОП В2 2100х1350 (ГОСТ 30674-99) | D81: шт. | E81: 4 | F81: 2270.28 | J81: 9081
A82: 54 | B82: ТСЦ-203-8044 прим. | C82: Блоки оконные из поливинилхлоридных профилей ОП В2 2700х1350 (ГОСТ 30674-99) | D82: м2 | E82: 4 | F82: 2921.48 | J82: 11686
A83: 55 | B83: ТЕР10-01-035-01 | C83: Установка подоконных досок из ПВХ в каменных стенах толщиной до 0,51 м | D83: 100 п. м | E83: 0.356 | F83: 4353.28 | G83: 254.49 | H83: 17.99 | I83: 0.62 | J83: 1550 | K83: 91 | L83: 6 | N83: 21.19 | O83: 7.54 | P83: 0.04 | Q83: 0.01
A84: 56 | B84: ТСЦ-101-2904 прим. | C84: Доски подоконные ПВХ, шириной 500 мм | D84: м | E84: 35.55 | F84: 125.68 | J84: 4468
A85: 57 | B85: ТЕР12-01-010-01 | C85: Устройство мелких покрытий (свесы) из листовой оцинкованной стали | D85: 100 м2 | E85: 0.105 | F85: 15322.3 | G85: 1354.13 | H85: 58.83 | I85: 3.64 | J85: 1609 | K85: 142 | L85: 6 | N85: 112.75 | O85: 11.84 | P85: 0.2 | Q85: 0.02
A86: 58 | B86: ТЕРр69-2-1 | C86: Сверление отверстий в кирпичных стенах электроперфоратором диаметром до 20 мм, толщина стен 0,5 кирпича | D86: 100 отверстий | E86: 0.02 | F86: 83.02 | G86: 65.93 | H86: 17.09 | J86: 2 | K86: 2 | N86: 5.49 | O86: 0.11
A87: 59 | B87: ТЕР07-01-044-01 прим. | C87: Установка ершей в готовые гнезда с заделкой для крепления щитов к стене | D87: 1 т | E87: 0.001 | F87: 3906.63 | G87: 2444.6 | H87: 572.31 | J87: 4 | K87: 2 | L87: 1 | N87: 170 | O87: 0.17
A88: 60 | B88: ТСЦ-101-1614 | C88: Сталь круглая углеродистая обыкновенного качества марки ВСт3пс5-1 диаметром 16 мм | D88: т | E88: 0.001 | F88: 5721.78 | J88: 6
A89: 61 | B89: ТЕР09-06-001-02 | C89: Установка щита выхода на крышу из перфорированных листов | D89: 1 т | E89: 0.086 | F89: 886.85 | G89: 609.99 | H89: 152.41 | I89: 2.18 | J89: 76 | K89: 52 | L89: 13 | N89: 50.79 | O89: 4.37 | P89: 0.12 | Q89: 0.01
A90: 62 | B90: Цена поставщика | C90: Перфорированный лист Rv 5-8, сталь оцинкованная. Цена: 1962:3,125:5,56:1,18х1,02 | D90: м2 | E90: 10.62 | F90: 97.61 | J90: 1037
A91: 63 | B91: ТСЦ-201-0778 | C91: Прочие индивидуальные сварные конструкции, масса сборочной единицы до 0,1 т | D91: т | E91: 0.048 | F91: 13506.5 | J91: 648
A92: 64 | B92: ТЕР13-03-002-04 | C92: Огрунтовка металлических поверхностей за один раз грунтовкой ГФ-021 КОЭФ. К ПОЗИЦИИ: Окраска за 2 раза ПЗ=2 (ОЗП=2; ЭМ=2 к расх.; ЗПМ=2; МАТ=2 к расх.; ТЗ=2; ТЗМ=2) | D92: 100 м2 | E92: 0.04 | F92: 834.92 | G92: 159.3 | H92: 20.3 | I92: 0.32 | J92: 33 | K92: 6 | L92: 1 | N92: 10.62 | O92: 0.42 | P92: 0.02
A93: Тип 1. S=172,3 м2
A94: 65 | B94: ТЕР11-01-002-09 | C94: Устройство подстилающих слоев бетонных | D94: 1 м3 | E94: 8.6 | F94: 52.12 | G94: 43.22 | H94: 0.27 | J94: 448 | K94: 372 | L94: 2 | N94: 3.66 | O94: 31.48
A95: 66 | B95: ТСЦ-401-0003 | C95: Бетон тяжелый, класс В7,5 (М100) | D95: м3 | E95: 8.77 | F95: 537.56 | J95: 4714
A96: 67 | B96: ТЕР11-01-004-07 | C96: Устройство гидроизоляции обмазочной холодной асфальтовой мастикой в один слой толщиной 2 мм | D96: 100 м2 | E96: 1.723 | F96: 925.92 | G96: 239.63 | H96: 60.53 | I96: 4.84 | J96: 1595 | K96: 413 | L96: 104 | M96: 8 | N96: 15.54 | O96: 26.78 | P96: 0.31 | Q96: 0.53
A97: 68 | B97: ТЕР11-01-004-08 | C97: Устройство гидроизоляции обмазочной на каждый последующий слой толщиной 1 мм добавлять к расценке 11-01-004-07 | D97: 100 м2 | E97: 1.723 | F97: 418.91 | G97: 75.87 | H97: 30.06 | I97: 2.34 | J97: 722 | K97: 131 | L97: 52 | M97: 4 | N97: 4.92 | O97: 8.48 | P97: 0.15 | Q97: 0.26
A98: 69 | B98: ТЕР11-01-036-01 прим. | C98: Устройство покрытий из линолеума "Tarkett" на клее или мастике | D98: 100 м2 | E98: 1.723 | F98: 8602.75 | G98: 496.5 | H98: 68.69 | I98: 5.47 | J98: 14823 | K98: 855 | L98: 118 | M98: 9 | N98: 42.4 | O98: 73.06 | P98: 0.35 | Q98: 0.6
A99: 70 | B99: ТЕР11-01-040-01 | C99: Устройство плинтусов поливинилхлоридных | D99: 100 м | E99: 1.84 | F99: 626.51 | G99: 123.7 | H99: 3.28 | J99: 1153 | K99: 228 | L99: 6 | N99: 8.99 | O99: 16.54
A100: Тип 2. S=4,07 м2
A101: 71 | B101: ТЕР11-01-002-09 | C101: Устройство подстилающих слоев бетонных | D101: 1 м3 | E101: 0.2 | F101: 52.12 | G101: 43.22 | H101: 0.27 | J101: 10 | K101: 9 | N101: 3.66 | O101: 0.73
A102: 72 | B102: ТСЦ-401-0003 | C102: Бетон тяжелый, класс В7,5 (М100) | D102: м3 | E102: 0.204 | F102: 537.56 | J102: 110
A103: 73 | B103: ТЕР11-01-004-05 | C103: Устройство гидроизоляции обмазочной в один слой толщиной 2 мм | D103: 100 м2 | E103: 0.055 | F103: 1498.8 | G103: 415.88 | H103: 223.72 | I103: 2.81 | J103: 82 | K103: 23 | L103: 12 | N103: 26.97 | O103: 1.48 | P103: 0.18 | Q103: 0.01
...

Sheet 25032
A1: СОГЛАСОВАНО: | E1: ФГУП "Комбинат "Электрохимприбор" | M1: УТВЕРЖДАЮ:
G2: (наименование стройки) | M2: Зам. генерального директора
M3: Е.В.Гордеев
A4: _________________ | M4: _________________
A5: " _____ " ________________ 2013 г. | M5: "______ " __________2013 г.
G6: ЛОКАЛЬНЫЙ СМЕТНЫЙ РАСЧЕТ № 25032
G7: (локальная смета)
C9: на | D9: реконструкцию помещений для отдела 042. г.Лесной ул.Островского, 2. Инв.№ 8811031
D10: Раздел: Система доступа
G11: (наименование работ и затрат, наименование объекта)
D13: Основание: проект № 24698-13-СД
D14: Сметная стоимость _______________________________________________________________________________________________ | J14: ___________________________12,441 | L14: тыс. руб.
D15: строительных работ _______________________________________________________________________________________________ | J15: _______________________________________________________________________________________________0,274 | L15: тыс. руб.
D16: монтажных работ _______________________________________________________________________________________________ | J16: _______________________________________________________________________________________________12,167 | L16: тыс. руб.
D17: Средства на оплату труда _______________________________________________________________________________________________ | J17: ___________________________3,077 | L17: тыс. руб.
D18: Сметная трудоемкость _______________________________________________________________________________________________ | J18: _______________________________________________________________________________________________188,94 | L18: чел.час
D19: Материалы ______________________________________ | K19: =J99/1000 -> 4.356 | L19: тыс.руб.
D20: Составлен(а) в базовых ценах 2001г. в редакции 2009г.
A22: № пп | B22: Обоснование | C22: Наименование | D22: Ед. изм. | E22: Кол. | F22: Стоимость единицы, руб. | J22: Общая стоимость, руб. | N22: Т/з осн. раб.на ед. | O22: Т/з осн. раб. Всего | P22: Т/з мех. на ед. | Q22: Т/з мех. Всего
F23: Всего | G23: В том числе | J23: Всего | K23: В том числе
G24: Осн.З/п | H24: Эк.Маш | I24: З/пМех | K24: Осн.З/п | L24: Эк.Маш | M24: З/пМех
A25: 1 | B25: 2 | C25: 3 | D25: 4 | E25: 5 | F25: 6 | G25: 7 | H25: 8 | I25: 9 | J25: 10 | K25: 11 | L25: 12 | M25: 13 | N25: 14 | O25: 15 | P25: 16 | Q25: 17
A26: Раздел 1. Монтажные работы
A27: 1 | B27: Цена поставщика | C27: Блок вызова домофона БВД-SM101RCPL | D27: шт | E27: 1 | F27: 687,42 4510/1,18/5,56 | J27: 687
A28: 2 | B28: ТЕРм10-02-016-06 | C28: Монтаж: блок вызова домофона | D28: 1 шт. | E28: 1 | F28: 256.7 | G28: 157.76 | H28: 33.83 | I28: 6.87 | J28: 257 | K28: 158 | L28: 34 | M28: 7 | N28: 10.1 | O28: 10.1 | P28: 0.44 | Q28: 0.44
A29: 3 | B29: Цена поставщика | C29: Комплект монтажный МК-341 для блока вызова домофона БВД-SM101RCPL | D29: шт | E29: 1 | F29: 111,27 730/1,18/5,56 | J29: 111
A30: 4 | B30: Цена поставщика | C30: Блок коммутации БК-10 | D30: шт | E30: 1 | F30: 55,33 363/1,18/5,56 | J30: 55
A31: 5 | B31: ТЕРм10-02-016-02 | C31: Монтаж: блок коммутации, емкость до 10 номеров | D31: шт | E31: 1 | F31: 166.73 | G31: 52.8 | H31: 9.99 | I31: 2.03 | J31: 167 | K31: 53 | L31: 10 | M31: 2 | N31: 3.38 | O31: 3.38 | P31: 0.13 | Q31: 0.13
A32: 6 | B32: Цена поставщика | C32: Устройство квартирное переговорное УКП-12-1 | D32: шт | E32: 5 | F32: 60,36 396/1,18/5,56 | J32: 302
A33: 7 | B33: ТЕРм10-02-030-02 | C33: Монтаж: устройство квартирное переговорное настенное | D33: 1 шт. | E33: 4 | F33: 110.22 | G33: 97.56 | J33: 441 | K33: 390 | N33: 7.2 | O33: 28.8
A34: 8 | B34: Цена поставщика | C34: Источник питания БПД 18/12-1 | D34: шт | E34: 1 | F34: 127,42 836/1,18/5,56 | J34: 127
A35: 9 | B35: ТЕРм10-02-016-06 | C35: Монтаж: блок питания | D35: 1 шт. | E35: 1 | F35: 256.7 | G35: 157.76 | H35: 33.83 | I35: 6.87 | J35: 257 | K35: 158 | L35: 34 | M35: 7 | N35: 10.1 | O35: 10.1 | P35: 0.44 | Q35: 0.44
A36: 10 | B36: Цена поставщика | C36: Монтажный бокс 260х345х115мм VIZIT-МВ1 | D36: шт | E36: 1 | F36: 179,4 1177/1,18/5,56 | J36: 179
A37: 11 | B37: ТЕРм10-03-013-08 | C37: Монтаж: шкаф приборный | D37: 1 шт. | E37: 1 | F37: 161.11 | G37: 121.14 | H37: 27.05 | I37: 5.15 | J37: 161 | K37: 121 | L37: 27 | M37: 5 | N37: 8.94 | O37: 8.94 | P37: 0.33 | Q37: 0.33
A38: 12 | B38: ТЕРм10-01-052-07 | C38: Кроссировка в шкафу | D38: 10 шт. (кроссировок) | E38: 2 | F38: 16.51 | G38: 15.62 | J38: 33 | K38: 31 | N38: 1 | O38: 2
A39: 13 | B39: Цена поставщика | C39: Замок электромагнитный VIZIT-МL400-50 | D39: шт | E39: 1 | F39: 286,7 1881/1.18/5.56 | J39: 287
A40: 14 | B40: ТЕРм08-01-081-01 | C40: Монтаж: замок электромагнитной блокировки | D40: 1 шт. | E40: 1 | F40: 29.8 | G40: 15.31 | H40: 11.69 | I40: 0.73 | J40: 30 | K40: 15 | L40: 12 | M40: 1 | N40: 1.13 | O40: 1.13 | P40: 0.04 | Q40: 0.04
A41: 15 | B41: Цена поставщика | C41: Кнопка "EXIT 300М" | D41: шт | E41: 1 | F41: 60,36 396/1.18/5.56 | J41: 60
A42: 16 | B42: ТЕРм08-01-081-01 | C42: Монтаж: кнопка | D42: 1 шт. | E42: 1 | F42: 29.8 | G42: 15.31 | H42: 11.69 | I42: 0.73 | J42: 30 | K42: 15 | L42: 12 | M42: 1 | N42: 1.13 | O42: 1.13 | P42: 0.04 | Q42: 0.04
A43: 17 | B43: Цена поставщика | C43: Переключатель кулачковый однополюсный на 12 А AS1201R | D43: шт | E43: 1 | F43: 26,26 172,27/1.18/5.56 | J43: 26
A44: 18 | B44: Цена поставщика | C44: Рукоятка AZ5701 | D44: шт | E44: 1 | F44: 77,32 507,30/1.18/5.56 | J44: 77
A45: 19 | B45: Цена поставщика | C45: АВТ. ВЫКЛ.iC60N 1П 6A C A9F79106 (Ц:255,19руб:5,56) | D45: шт | E45: 1 | F45: 45,9 1/5,56*255,19 | J45: 46
A46: 20 | B46: ТЕРм11-03-001-01 | C46: Приборы, устанавливаемые на металлоконструкциях, щитах и пультах, масса до 5 кг | D46: 1 шт. | E46: 3 | F46: 8.41 | G46: 7.26 | J46: 25 | K46: 22 | N46: 0.52 | O46: 1.56
A47: 21 | B47: ФССЦ-501-8442 | C47: Кабель силовой с медными жилами с поливинилхлоридной изоляцией и оболочкой, не распространяющий горение марки ВВГнг, напряжением 0,66 кВ, с числом жил - 3 и сечением 1,5 мм2 КОЭФ. К ПОЗИЦИИ: Приведение расценок ФЕР к территориальному уровню (Письмо УРЦЦС Ц-297 от 12.04.2011) ОЗП=1,41; ЭМ=1,242; ЗПМ=1,41; МАТ=1,052 | D47: 1000 м | E47: 0.01 | F47: 3194.61 | J47: 32
A48: 22 | B48: ФССЦ-501-8183 | C48: Кабель силовой с медными жилами с поливинилхлоридной изоляцией в поливинилхлоридной оболочке без защитного покрова ВВГ, напряжением 0,66 Кв, число жил – 2 и сечением 1,5 мм2 КОЭФ. К ПОЗИЦИИ: Приведение расценок ФЕР к территориальному уровню (Письмо УРЦЦС Ц-297 от 12.04.2011) ОЗП=1,41; ЭМ=1,242; ЗПМ=1,41; МАТ=1,052 | D48: 1000 м | E48: 0.025 | F48: 2414.37 | J48: 60
A49: 23 | B49: ТЕРм08-02-402-01 | C49: Кабель двух-четырехжильный по установленным конструкциям и лоткам с установкой ответвительных коробок в помещениях с нормальной средой сечением жилы до 10 мм2 | D49: 100 м | E49: 0.35 | F49: 1131.61 | G49: 202.73 | H49: 704.04 | I49: 87.33 | J49: 396 | K49: 71 | L49: 246 | M49: 31 | N49: 15.3 | O49: 5.36 | P49: 5.28 | Q49: 1.85
A50: 24 | B50: Цена поставщика | C50: Кабель КПСнг(А)-FRLS 1х2х0,5 | D50: 1000 м | E50: 0.1428 | F50: 4575,36 30018/1,18/5,56 | J50: 653
A51: 25 | B51: Цена поставщика | C51: КВПнг(А)-LS-5е 4х2х0,52 | D51: 1000 м | E51: 0.015 | F51: 2881,51 18905/1,18/5,56 | J51: 43
A52: 26 | B52: ТЕРм08-02-399-01 | C52: Провод в коробах, сечением до 6 мм2 | D52: 100 м | E52: 1.55 | F52: 189.23 | G52: 46.64 | H52: 56.09 | I52: 24.55 | J52: 293 | K52: 72 | L52: 87 | M52: 38 | N52: 3.52 | O52: 5.46 | P52: 1.57 | Q52: 2.43
A53: 27 | B53: ТСЦ-503-0460 | C53: Разветвительная коробка УК-2 | D53: шт. | E53: 10 | F53: 2.85 | J53: 29
A54: 28 | B54: ТЕРм10-08-019-01 | C54: Коробка ответвительная на стене | D54: 1 шт. | E54: 8 | F54: 7.32 | G54: 6.88 | J54: 59 | K54: 55 | N54: 0.5 | O54: 4
A55: 29 | B55: Цена поставщика | C55: Клеммная колодка 43112NY DKC | D55: шт | E55: 2 | F55: 5,55 36,39/1,18/5,56 | J55: 11
A56: 30 | B56: ТЕРм10-04-030-04 | C56: Дополнительная установка на пультах и панелях колодки клеммной на 20 клемм | D56: 1 шт. | E56: 2 | F56: 27.06 | G56: 11.51 | J56: 54 | K56: 23 | N56: 1 | O56: 2
A57: 31 | B57: Цена поставщика | C57: Кабель-канал DKC 15/1x17 TMC IN-Liner L=2м,, 00303 (Ц:23руб:1,18:5,56) | D57: м | E57: 70 | F57: 3,51 23/1,18/5,56 | J57: 246
A58: 32 | B58: ФЕРм08-02-390-01 | C58: Короба пластмассовые: шириной до 40 мм КОЭФ. К ПОЗИЦИИ: Приведение расценок ФЕР к территориальному уровню (Письмо УРЦЦС Ц-297 от 12.04.2011) ОЗП=1,41; ЭМ=1,242; ЗПМ=1,41; МАТ=1,052 | D58: 100 м | E58: 0.7 | F58: 311.4 | G58: 218.44 | H58: 38.75 | I58: 0.17 | J58: 218 | K58: 153 | L58: 27 | N58: 16.29 | O58: 11.4 | P58: 0.01 | Q58: 0.01
A59: 33 | B59: Цена поставщика | C59: Кабель-канал DKC 50x20 TMС IN-Liner самоклеющийся L=2м, 00313 (Ц:69,61руб:1,18:5,56) | D59: м | E59: 16 | F59: 10,61 69,61/1,18/5,56 | J59: 170
A60: 34 | B60: ФЕРм08-02-390-02 | C60: Короба пластмассовые: шириной до 63 мм КОЭФ. К ПОЗИЦИИ: Приведение расценок ФЕР к территориальному уровню (Письмо УРЦЦС Ц-297 от 12.04.2011) ОЗП=1,41; ЭМ=1,242; ЗПМ=1,41; МАТ=1,052 | D60: 100 м | E60: 0.16 | F60: 363.95 | G60: 246.59 | H60: 43.79 | I60: 0.17 | J60: 58 | K60: 39 | L60: 7 | N60: 18.39 | O60: 2.94 | P60: 0.01
A61: 35 | B61: Цена поставщика | C61: Шина нул в корп изол на DIN-рейку ШНИ-6х9-12-К-З ИЭК YNN10-69-12KD-K06 | D61: шт | E61: 2 | F61: 9,05 59,37/1,18/5,56 | J61: 18
A62: 36 | B62: Цена поставщика | C62: DIN-рейка (30см) оцинкованная YDN10-0030 | D62: шт | E62: 3 | F62: 3,08 20,19/1,18/5,56 | J62: 9
A63: 37 | B63: Цена поставщика | C63: Шина "N"нулевая 6х9мм 14/2 (14групп/крепеж по краям) ИЭК YNN11-14-100 | D63: шт | E63: 2 | F63: 9,9 64,96/1,18/5,56 | J63: 20
A64: 38 | B64: Цена поставщика | C64: Изолятор DIN желтый (120 штук) YIS21 | D64: шт | E64: 2 | F64: 1,33 8,75/1,18/5,56 | J64: 3
A65: 39 | B65: ТЕРм11-03-001-01 | C65: Приборы, устанавливаемые на металлоконструкциях, щитах и пультах, масса до 5 кг | D65: 1 шт. | E65: 8 | F65: 8.41 | G65: 7.26 | J65: 67 | K65: 58 | N65: 0.52 | O65: 4.16
A66: 40 | B66: ТЕРм10-02-042-05 | C66: Проверка и настройка комплекта оборудования | D66: 1 компл. | E66: 1 | F66: 612.61 | G66: 600.6 | J66: 613 | K66: 601 | N66: 33 | O66: 33
A67: 41 | B67: Цена поставщика | C67: Дверной доводчик KING NSK650 | D67: шт | E67: 2 | F67: 179,09 1175/1,18/5,56 | J67: 358
A68: 42 | B68: ФЕР09-04-012-02 | C68: Установка дверного доводчика к металлическим дверям КОЭФ. К ПОЗИЦИИ: Приведение расценок ФЕР к территориальному уровню (Письмо УРЦЦС Ц-297 от 12.04.2011) ОЗП=1,41; ЭМ=1,242; ЗПМ=1,41; МАТ=1,052 | D68: 1 шт. | E68: 2 | F68: 19.85 | G68: 15.52 | H68: 3.56 | J68: 40 | K68: 31 | L68: 7 | N68: 1.11 | O68: 2.22
A69: 43 | B69: ТЕРр56-12-2 | C69: Установка дверных приборов шпингалеты | D69: 100 шт. | E69: 0.02 | F69: 3347.2 | G69: 1772.68 | J69: 67 | K69: 35 | N69: 147.6 | O69: 2.95
A70: 44 | B70: ТЕР09-03-014-01 | C70: Установка металлических пластин | D70: 1 т | E70: 0.001 | F70: 1773.81 | G70: 779.61 | H70: 583.19 | I70: 69.72 | J70: 2 | K70: 1 | L70: 1 | N70: 63.28 | O70: 0.06 | P70: 3.82
A71: 45 | B71: ТСЦ-201-0779 | C71: Прочие индивидуальные сварные конструкции, масса сборочной единицы от 0,1 до 0,5 т | D71: т | E71: 0.001 | F71: 13506.5 | J71: 14
A72: 46 | B72: ТЕР13-06-004-01 | C72: Обеспыливание поверхности | D72: 1 м2 | E72: 0.1 | F72: 2.59 | G72: 1.2 | H72: 1.39 | N72: 0.1 | O72: 0.01
A73: 47 | B73: ТЕР13-07-001-02 | C73: Обезжиривание поверхностей уайт-спиритом | D73: 100 м2 | E73: 0.001 | F73: 353.76 | G73: 111.87 | H73: 2.97 | I73: 0.16 | N73: 9.08 | O73: 0.01 | P73: 0.01
A74: 48 | B74: ТЕР13-03-004-26 | C74: Окраска металлических поверхностей эмалью ПФ-115 КОЭФ. К ПОЗИЦИИ: количество окрасок ПЗ=2 | D74: 100 м2 | E74: 0.001 | F74: 1261.82 | G74: 97.9 | H74: 13.36 | I74: 0.32 | J74: 1 | N74: 7.66 | O74: 0.01 | P74: 0.02
A75: Итого прямые затраты по смете в ценах 2001г. | J75: 6892 | K75: 2102 | L75: 504 | M75: 92 | O75: 140.72 | Q75: 5.71
A76: Итого прямые затраты по смете с учетом коэффициентов к итогам | J76: 7989 | K76: 2947 | L76: 686 | M76: 130 | O76: 188.94 | Q76: 7.71
A77: В том числе, справочно:
A78: Районный к-т 4,3% (Поз. 42, 44-45, 43, 2, 5, 7, 9, 11-12, 20, 28, 39-40, 14, 16, 23, 26, 32, 34, 30) | J78: 95 | K78: 90 | L78: 4 | M78: 4
A79: Заготовительно-складские расходы на материалы - согласно п.4.64 из МДС 81-35.2004 МАТ=1,02 (Поз. 1, 3-4, 6, 8, 10, 13, 15, 17-19, 24-25, 29, 31, 33, 35-38, 41) | J79: 70
A80: 2. Производство монтажных работ в существующих зданиях и сооружениях в стесненных условиях ОЗП=1,35; ЭМ=1,35; ЗПМ=1,35; ТЗ=1,35; ТЗМ=1,35 (Поз. 42, 44-45, 2, 5, 7, 9, 11-12, 20, 28, 39-40, 14, 16, 23, 26, 32, 34, 30) | J80: 932 | K80: 755 | L80: 178 | M80: 34 | O80: 48.209 | Q80: 1.9985
A81: Накладные расходы | J81: 2562
A82: В том числе, справочно:
A83: 80% ФОТ (от 2349) (Поз. 2, 5, 7, 9, 11-12, 20, 28, 39-40) | J83: 1879
A84: 82% ФОТ (от 37) (Поз. 43) | J84: 30
A85: 90% ФОТ (от 45) (Поз. 42, 44-45) | J85: 41
A86: 92% ФОТ (от 32) (Поз. 30) | J86: 29
A87: 95% ФОТ (от 614) (Поз. 14, 16, 23, 26, 32, 34) | J87: 583
A88: Сметная прибыль | J88: 1890
A89: В том числе, справочно:
A90: 60% ФОТ (от 2349) (Поз. 2, 5, 7, 9, 11-12, 20, 28, 39-40) | J90: 1409
A91: 62% ФОТ (от 37) (Поз. 43) | J91: 23
A92: 65% ФОТ (от 646) (Поз. 14, 16, 23, 26, 32, 34, 30) | J92: 420
A93: 85% ФОТ (от 45) (Поз. 42, 44-45) | J93: 38
A94: Итоги по смете:
A95: Итого Строительные работы | J95: 274 | O95: 6.07
A96: Итого Монтажные работы | J96: 12167 | O96: 182.87 | Q96: 7.71
A97: Итого | J97: 12441 | O97: 188.94 | Q97: 7.71
A98: В том числе:
A99: Материалы | J99: 4356
A100: Машины и механизмы | J100: 686
A101: ФОТ | J101: 3077
A102: Накладные расходы | J102: 2562
A103: Сметная прибыль | J103: 1890
...

Sheet НМЦ
A1: г. Лесной ФГУП "Комбинат "Электрохимприбор"
A3: Расчет начальной (максимальной) цены
A5: Выполнение работ по реконструкции здания расположенного по ул. Островского, 2
A8: Составлен в ценах по состоянию на 01.01.2000 г. с переводом в текущие | D8: руб.
A9: Наименование глав ССР, объектных сметных расчетов, локальных сметных расчетов, видов работ | B9: Сметная стоимость в базисных ценах на 01.01.2000 | C9: Текущая стоимость на момент определения начальной (максимальной) цены | D9: № обосновывающего расчета
A13: 1 | B13: 2 | C13: 3 | D13: 4
A14: Отопление и вентиляция | B14: ='Сводка затрат'!H13 -> 34441 | C14: =ROUND('Сводка затрат'!D13*5.98,0)+ROUND('Сводка затрат'!E13*5.98,0)+ROUND('Сводка затрат'!F13*4.21,0)+ROUND('Сводка затрат'!G13*10.48,0) -> 205957 | D14: 25033
A15: Водопровод и канализация | B15: ='Сводка затрат'!H14 -> 6222 | C15: =ROUND('Сводка затрат'!D14*5.98,0)+ROUND('Сводка затрат'!E14*5.98,0)+ROUND('Сводка затрат'!F14*4.21,0)+ROUND('Сводка затрат'!G14*10.48,0) -> 37208 | D15: 25074
A16: Реконструкция | B16: ='Сводка затрат'!H15 -> 58231 | C16: =ROUND('Сводка затрат'!D15*5.98,0)+ROUND('Сводка затрат'!E15*5.98,0)+ROUND('Сводка затрат'!F15*4.21,0)+ROUND('Сводка затрат'!G15*10.48,0) -> 366542 | D16: 25079
A17: Электрооборудование. Электроосвещение | B17: ='Сводка затрат'!H16 -> 106725 | C17: =ROUND('Сводка затрат'!D16*5.98,0)+ROUND('Сводка затрат'!E16*5.98,0)+ROUND('Сводка затрат'!F16*4.21,0)+ROUND('Сводка затрат'!G16*10.48,0) -> 638216 | D17: 25081
A18: Кондиционирование | B18: ='Сводка затрат'!H17 -> 61961 | C18: =ROUND('Сводка затрат'!D17*5.98,0)+ROUND('Сводка затрат'!E17*5.98,0)+ROUND('Сводка затрат'!F17*4.21,0)+ROUND('Сводка затрат'!G17*10.48,0) -> 316349 | D18: 25082
A19: Архитектурно-строительные | B19: ='Сводка затрат'!H18 -> 786593 | C19: =ROUND('Сводка затрат'!D18*5.98,0)+ROUND('Сводка затрат'!E18*5.98,0)+ROUND('Сводка затрат'!F18*4.21,0)+ROUND('Сводка затрат'!G18*10.48,0) -> 4703826 | D19: 25083
A20: Система доступа | B20: ='Сводка затрат'!H19 -> 12441 | C20: =ROUND('Сводка затрат'!D19*5.98,0)+ROUND('Сводка затрат'!E19*5.98,0)+ROUND('Сводка затрат'!F19*4.21,0)+ROUND('Сводка затрат'!G19*10.48,0) -> 74398 | D20: 25085
A21: Итого | B21: =SUM(B14:B20) -> 1066614 | C21: =SUM(C14:C20) -> 6342496
A23: НДС 18% | C23: =ROUND(C21*18%,2) -> 1141649.3
A25: Всего | C25: =SUM(C21:C24) -> 7484145.3
A28: Начальник отдела
A29: капитального строительства | C29: В.В. Моляков
A31: Инженер по проектно-сметной работе | C31: Т.Ш. Ковязина
A34: Согласовано | C34: отдел 028

Sheet Сводка затрат
A1: Приложение №__ к договору от "__"______2013 №_______
A3: г. Лесной. ФГУП "Комбинат "Электрохимприбор"
A5: Сводка затрат
A7: Выполнение работ по реконструкции здания расположенного по ул. Островского, 2 (отдел 042)
A9: Составлен в ценах по состоянию на 01.01.2000 г.
A10: № п/п | B10: Номера сметных расчетов и смет | C10: Наименование работ и затрат | D10: Сметная стоимость | H10: Общая сметная стоимость, руб.
D11: строительных работ | E11: монтажных работ | F11: оборудования, мебели, инвентаря | G11: прочих затрат
A12: 1 | B12: 2 | C12: 3 | D12: 4 | E12: 5 | F12: 6 | G12: 7 | H12: 8
A13: 1 | B13: 24965 | C13: Отопление и вентиляция | D13: ='24965'!J75 -> 33654 | E13: ='24965'!J76 -> 787 | F13: 0 | G13: 0 | H13: =SUM(D13:G13) -> 34441 | J13: =ROUND(D13*5.98,0) -> 201251 | K13: =ROUND(E13*5.98,0) -> 4706 | L13: =ROUND(F13*4.21,0) -> 0 | M13: =ROUND(G13*10.48,0) -> 0 | N13: =SUM(J13:M13) -> 205957
A14: 2 | B14: 24971 | C14: Водопровод и канализация | D14: ='24971'!J79 -> 6222 | E14: 0 | F14: 0 | G14: 0 | H14: =SUM(D14:G14) -> 6222 | J14: =ROUND(D14*5.98,0) -> 37208 | K14: =ROUND(E14*5.98,0) -> 0 | L14: =ROUND(F14*4.21,0) -> 0 | M14: =ROUND(G14*10.48,0) -> 0 | N14: =SUM(J14:M14) -> 37208
A15: 3 | B15: 25002 | C15: Реконструкция | D15: 0 | E15: ='25002'!J121 -> 45893 | F15: ='25002'!J122 -> 5933 | G15: ='25002'!J123 -> 6405 | H15: =SUM(D15:G15) -> 58231 | J15: =ROUND(D15*5.98,0) -> 0 | K15: =ROUND(E15*5.98,0) -> 274440 | L15: =ROUND(F15*4.21,0) -> 24978 | M15: =ROUND(G15*10.48,0) -> 67124 | N15: =SUM(J15:M15) -> 366542
A16: 4 | B16: 25003 | C16: Электрооборудование. Электроосвещение | D16: 0 | E16: ='25003'!J138 -> 106725 | F16: 0 | G16: 0 | H16: =SUM(D16:G16) -> 106725 | J16: =ROUND(D16*5.98,0) -> 0 | K16: =ROUND(E16*5.98,0) -> 638216 | L16: =ROUND(F16*4.21,0) -> 0 | M16: =ROUND(G16*10.48,0) -> 0 | N16: =SUM(J16:M16) -> 638216
A17: 5 | B17: 25004 | C17: Кондиционирование | D17: ='25004'!K91 -> 29104 | E17: ='25004'!K92 -> 2248 | F17: ='25004'!K93 -> 30609 | G17: 0 | H17: =SUM(D17:G17) -> 61961 | J17: =ROUND(D17*5.98,0) -> 174042 | K17: =ROUND(E17*5.98,0) -> 13443 | L17: =ROUND(F17*4.21,0) -> 128864 | M17: =ROUND(G17*10.48,0) -> 0 | N17: =SUM(J17:M17) -> 316349
A18: 6 | B18: 25031 | C18: Архитектурно-строительные | D18: ='25031'!J209 -> 786315 | E18: ='25031'!J210 -> 278 | F18: 0 | G18: 0 | H18: =SUM(D18:G18) -> 786593 | J18: =ROUND(D18*5.98,0) -> 4702164 | K18: =ROUND(E18*5.98,0) -> 1662 | L18: =ROUND(F18*4.21,0) -> 0 | M18: =ROUND(G18*10.48,0) -> 0 | N18: =SUM(J18:M18) -> 4703826
A19: 7 | B19: 25032 | C19: Система доступа | D19: ='25032'!J95 -> 274 | E19: ='25032'!J96 -> 12167 | F19: 0 | G19: 0 | H19: =SUM(D19:G19) -> 12441 | J19: =ROUND(D19*5.98,0) -> 1639 | K19: =ROUND(E19*5.98,0) -> 72759 | L19: =ROUND(F19*4.21,0) -> 0 | M19: =ROUND(G19*10.48,0) -> 0 | N19: =SUM(J19:M19) -> 74398
C20: Итого в базисных ценах 2000 г. | D20: =SUM(D13:D19) -> 855569 | E20: =SUM(E13:E19) -> 168098 | F20: =SUM(F13:F19) -> 36542 | G20: =SUM(G13:G19) -> 6405 | H20: =SUM(D20:G20) -> 1066614 | J20: =SUM(J13:J19) -> 5116304 | K20: =SUM(K13:K19) -> 1005226 | L20: =SUM(L13:L19) -> 153842 | M20: =SUM(M13:M19) -> 67124 | N20: =SUM(N13:N19) -> 6342496
C21: Всего в ценах 2014 (Ксмр=5,98, Коб.=4,21, Кпнр.=10,48) | D21: =ROUND(D20*5.98,0)+1 -> 5116304 | E21: =ROUND(E20*5.98,0) -> 1005226 | F21: =ROUND(F20*4.21,0) -> 153842 | G21: =ROUND(G20*10.48,0) -> 67124 | H21: =SUM(D21:G21) -> 6342496
C22: НДС 18% | D22: =ROUND(D21*18%,2) -> 920934.72 | E22: =ROUND(E21*18%,2) -> 180940.68 | F22: =ROUND(F21*18%,2) -> 27691.56 | G22: =ROUND(G21*18%,2) -> 12082.32 | H22: =SUM(D22:G22) -> 1141649.3
C23: Всего в ценах 2014 с НДС | D23: =SUM(D21:D22) -> 6037238.7 | E23: =SUM(E21:E22) -> 1186166.7 | F23: =SUM(F21:F22) -> 181533.56 | G23: =SUM(G21:G22) -> 79206.32 | H23: =SUM(D23:G23) -> 7484145.3
C27: ЗАКАЗЧИК: | H27: ПОДРЯДЧИК:
C28: Генеральный директор
C29: ФГУП "Комбинат "Электрохимприбор"
C31: __________________ А.В. Новиков
